 Dungeon Crawl Stone Soup version 0.30-a0-860-g512cf1e979 (webtiles) character file.

Game seed: 10685959470908875181

17259502 Khashishi the Archmage (level 27, 189/228 HPs)
             Began as a Djinni Fire Elementalist on Mar 5, 2023.
             Was the Champion of Ru.
             Escaped with the Orb
             ... and 15 runes on Mar 7, 2023!
             The game lasted 17:00:42 (89867 turns).

Khashishi the Archmage (Djinni Fire Elementalist)  Turns: 89867, Time: 17:00:42

Health: 189/228    AC: 45    Str:  5    XL:     27
Gold:   18657      EV:  8    Int: 30    God:    Ru [******] SH: 32 Dex: 18

rFire   + + +      SeeInvis +    b - +5 demon blade (antimagic)
rCold   + + .      Faith    .    o - +6 tower shield {AC+3}
rNeg    + + +      Spirit   .    H - +7 fire dragon scales of Lightning Storm {Harm rF++ rC- Will+ SInv}
rPois   ∞          Reflect  .    l - +2 hat
rElec   +          Rampage  .    S - +2 cloak {Will+}
rCorr   .          Harm     + .  I - +3 pair of gauntlets of War {Slay+5}
Will    +++++                    (boots unavailable)
Stlth   +++                      O - amulet "Hiniucvu" {Regen+ Int+5}
HPRegen 1.38/turn                R - ring of Recy {rF+ rC++ rN+ Stlth+}
MPRegen 0.00/turn                M - ring "Vehu Eno" {rElec rC+ MP+9 Int-3 Dex+3}

@: lich-form, flying, studying 4 skills
A: draining attack, torment immunity, no potions, flying, sickness immunity,
fire resistance 2, weak 1, cold vulnerability 1, inability to use devices,
cowardly, inability to train dodging, missing an eye, float, innate caster, HP
casting, extra vitality 1, camouflage 1, dopey 1, strong-willed 1, passive
freeze, screaming 1
0: Orb of Zot
}: 15/15 runes: decaying, slimy, silver, golden, iron, obsidian, icy, bone,
abyssal, demonic, glowing, magical, fiery, dark, gossamer
a: End Transformation, Renounce Religion, Draw Out Power, Power Leap, Apocalypse


You escaped.
You worshipped Ru.
Ru was exalted by your worship.
You were an undead lich.
You visited 18 branches of the dungeon, and saw 87 of its levels.
You visited Pandemonium 2 times, and saw 17 of its levels.
You visited the Abyss 2 times.
You visited 1 bazaar.
You also visited: Ossuary, Gauntlet and Ice Cave.

You collected 20849 gold pieces.
You spent 2192 gold pieces at shops.

Inventory:

Hand Weapons
 a - the +12 quick blade of the Lost Violins {heavy, rPois rC+}
   (You acquired it on level 4 of the Swamp)

   rC:        It protects you from cold.
   rPois:     It protects you from poison.
 b - a +5 antimagic demon blade (weapon)
 J - the +7 staff of the Meek {protect, meekguard}
   (You found it on level 3 of the Tomb of the Ancients)
 U - a +5 eudemon blade of holy wrath
Armour
 l - a +2 hat (worn)
 o - a +6 tower shield of protection (worn)
 H - the +7 fire dragon scales of Lightning Storm (worn) {Harm rF++ rC- Will+ SInv}
   (You found it on level 3 of the Spider Nest)

   rF:        It greatly protects you from fire.
   rC:        It makes you vulnerable to cold.
   SInv:      It lets you see invisible.
   Harm:      It increases damage dealt and taken.
   Will:      It increases your willpower.
 I - the +3 pair of gauntlets of War (worn) {Slay+5}
   (You found it on level 5 of the Vaults)

   Slay:      It affects your accuracy & damage with ranged weapons and melee
   (+5).
 S - a +2 cloak of willpower (worn)
Magical Staves
 f - a staff of fire
 q - a staff of air
Jewellery
 c - the ring of Qikhlinie {rC+ rN+ Str+4 Int+2 Dex-2}
   (You bought it in a shop in a bazaar)

   [ring of protection from cold]

   Str:       It affects your strength (+4).
   Int:       It affects your intelligence (+2).
   Dex:       It affects your dexterity (-2).
   rC:        It protects you from cold.
   rN:        It protects you from negative energy.
 k - the amulet of Bouqyf {rF- rN+ Regen+ Slay+2}
   (You found it in a Gauntlet)

   [amulet of regeneration]

   Slay:      It affects your accuracy & damage with ranged weapons and melee
   (+2).
   rF:        It makes you vulnerable to fire.
   rN:        It protects you from negative energy.
   Regen:     It increases your rate of health regeneration.
 t - the ring of Waicugas {rF- rCorr MP+9 Str+2 SInv}
   (You found it on level 3 of the Tomb of the Ancients)

   [ring of resist corrosion]

   Str:       It affects your strength (+2).
   rF:        It makes you vulnerable to fire.
   MP:        It affects your magic capacity (+9).
   SInv:      It lets you see invisible.
   rCorr:     It protects you from acid and corrosion.
 u - a ring of ice
 y - the brooch of Shielding {Spirit SH+8}
   (You found it on level 3 of the Tomb of the Ancients)

   [amulet of guardian spirit]

   It causes incoming damage to be divided between your reserves of health and
   magic.
   SH:        It affects your SH (+8).
 z - the ring "Badum" {Fire +Blink rN+++ Int-4 Stlth-}
   (You found it on level 5 of the Pits of Slime)

   [ring of fire]

   It enhances your fire magic.
   Int:       It affects your intelligence (-4).
   rF:        It protects you from fire.
   rC:        It makes you vulnerable to cold.
   rN:        It renders you almost immune to negative energy.
   +Blink:    It lets you blink.
   Stlth:     It makes you less stealthy.
 B - the ring "Harokk" {*Slow rElec MP+9 AC+4 Int+4}
   (You found it on level 3 of the Tomb of the Ancients)

   [ring of protection]

   AC:        It affects your AC (+4).
   Int:       It affects your intelligence (+4).
   rElec:     It insulates you from electricity.
   MP:        It affects your magic capacity (+9).
   *Slow:     It may slow you when you take damage.
 G - the ring "Kikug" {rF+ Will+ MP+9 Dex-3 SInv}
   (You acquired it on level 2 of the Lair of Beasts)

   [ring of see invisible]

   Dex:       It affects your dexterity (-3).
   rF:        It protects you from fire.
   MP:        It affects your magic capacity (+9).
   SInv:      It lets you see invisible.
   Will:      It increases your willpower.
 L - the ring "Cohal" {Wiz rF+ rN+ Will+ Dex+3}
   (You found it on level 3 of the Elven Halls)

   [ring of wizardry]

   It improves your spell success rate.
   Dex:       It affects your dexterity (+3).
   rF:        It protects you from fire.
   rN:        It protects you from negative energy.
   Will:      It increases your willpower.
 M - the ring "Vehu Eno" (right hand) {rElec rC+ MP+9 Int-3 Dex+3}
   (You found it on level 3 of the Elven Halls)

   [ring of magical power]

   Int:       It affects your intelligence (-3).
   Dex:       It affects your dexterity (+3).
   rC:        It protects you from cold.
   rElec:     It insulates you from electricity.
   MP:        It affects your magic capacity (+9).
 O - the amulet "Hiniucvu" (around neck) {Regen+ Int+5}
   (You found it on level 2 of the Crypt)

   [amulet of regeneration]

   Int:       It affects your intelligence (+5).
   Regen:     It increases your rate of health regeneration.
 P - the ring "Fyeduicy" {rN+ Str+3 Int+6}
   (You found it on level 5 of the Pits of Slime)

   [ring of intelligence]

   Str:       It affects your strength (+3).
   Int:       It affects your intelligence (+6).
   rN:        It protects you from negative energy.
 R - the ring of Recy (left hand) {rF+ rC++ rN+ Stlth+}
   (You took it off a necromancer in an ice cave)

   [ring of positive energy]

   rF:        It protects you from fire.
   rC:        It greatly protects you from cold.
   rN:        It protects you from negative energy.
   Stlth:     It makes you more stealthy.
Scrolls
 g - 2 scrolls of summoning
 i - 7 scrolls of vulnerability
 j - 14 scrolls of fear
 m - 5 scrolls of silence
 p - a scroll of brand weapon
 r - 11 scrolls of poison
 A - 28 scrolls of teleportation
 C - 6 scrolls of blinking
 D - 7 scrolls of fog
 F - 6 scrolls of immolation
 K - a scroll of torment
Potions
 d - 13 potions of cancellation
 e - 59 potions of curing
 h - 15 potions of heal wounds
 n - a potion of might
 s - 8 potions of attraction
 v - 7 potions of lignification
 w - 7 potions of ambrosia
 x - 12 potions of mutation
 T - a potion of resistance
Miscellaneous
 E - a figurine of a ziggurat


   Skills:
 O Level 27 Fighting
 + Level 23.4(27) Short Blades
 - Level 23.9(27) Long Blades
 O Level 27 Armour
 + Level 18.6 Stealth
 O Level 27 Shields
 O Level 27 Spellcasting


You knew the following spells:

 Your Spells              Type           Power      Damage    Failure   Level
a - Foxfire               Conj/Fire      100%       2x1d9     0%          1
b - Scorch                Fire           100%       2d10      0%          2
c - Kindle Blastsparks    Fire/Tloc/Air  100%       2d18      0%          3
d - Flame Wave            Conj/Fire      100%       2d21      0%          4
e - Dispel Undead         Necr           100%       3d31      0%          4
f - Inner Flame           Hex/Fire       100%       N/A       0%          3
g - Lesser Beckoning      Tloc           100%       N/A       0%          2
h - Summon Horrible Thin  Summ           58%        N/A       1%          8
i - Statue Form           Tmut/Erth      77%        N/A       0%          6
j - Silence               Hex/Air        58%        N/A       0%          5
k - Kiss of Death         Conj/Necr      100%       2d13      0%          1
l - Death's Door          Necr           70%        N/A       4%          9
n - Necromutation         Tmut/Necr      70%        N/A       1%          8
r - Iron Shot             Conj/Erth      58%        9d11      0%          6
s - Starburst             Conj/Fire      58%        6d15      0%          6
v - Vampiric Draining     Necr           100%       2d13      0%          3
A - Animate Armour        Summ/Erth      100%       N/A       0%          4
D - Discord               Hex            58%        N/A       1%          8
Your spell library was empty.

Dungeon Overview and Level Annotations

Branches:
Dungeon (15/15)            Temple (1/1) D:5            Lair (5/5) D:10
  Swamp (4/4) Lair:3       Spider (4/4) Lair:2        Slime (5/5) Lair:4
    Orc (2/2) D:9             Elf (3/3) Orc:2        Vaults (5/5) D:14
  Crypt (3/3) Vaults:2       Tomb (3/3) Crypt:3      Depths (4/4) D:15
   Hell (visited)             Dis (7/7) Hell            Geh (7/7) Hell
    Coc (7/7) Hell            Tar (7/7) Hell            Zot (5/5) Depths:4
Ossuary (visited)           IceCv (visited)         Gauntlet (visited)

Altars:
Ashenzari
Cheibriados
Dithmenos
Elyvilon
Fedhas
Gozag
Hepliaklqana
Makhleb
Nemelex Xobeh
Okawaru
Qazlal
Ru
Trog
Uskayaw
Wu Jian
Xom
Yredelemnul
Zin
The Shining One

Shops:
D:9 (   D:10 *   Orc:2 **(=[   Elf:1 [[[   Vaults:2 (   Vaults:3 !
Depths:1 =((=

Portals:
Hell: Depths:1 Depths:2 Depths:3 Depths:4
Abyss: Depths:3
Pandemonium: Depths:2
Ziggurat: Depths:4
Trove: Elf:3 (give 5 potions of resistance)


Innate Abilities, Weirdness & Mutations

You are an undead lich.
Your unarmed attacks are suffused with negative energy.
You are immune to unholy pain and torment.
Your necromantic spells are more powerful.
You cannot drink.
You are flying.
You are immune to sickness and miasma.
You are immune to poison.
Your flesh is very heat resistant. (rF++)
You are weak. (Str -2)
You are vulnerable to cold. (rC-)
You cannot study or use magical devices.
Your cowardice makes you less effective in combat with threatening foes.
You cannot train Dodging skill.
You are missing an eye, making it more difficult to aim.
You float through the air rather than walking.
You learn spells naturally, not from books.
Your magical power is your life essence.
You have superior vitality. (+4 MHP)
Your skin changes colour to match your surroundings (Stealth+).
You are dopey. (Int -2)
You are strong-willed. (Will+)
A frigid envelope surrounds you and freezes all who hurt you.
You occasionally shout uncontrollably at your foes.


Message History

Your large abomination is destroyed!
Your large abomination disappears in a puff of smoke!
You catch the helpless sun demon completely off-guard!
You slash the sun demon!
The sun demon is severely wounded.
Your large abomination hits the sun demon!!
The sun demon dies!
The sun demon hits you!!
You are engulfed in flames.
You resist.
The sun demon is frozen!
The sun demon is very cold.
The sun demon is moderately wounded.
You focus your inner power and paralyse the sun demon in retribution!
The helpless sun demon fails to defend itself.
You slice the sun demon!!
The sun demon is almost dead.
Your large abomination hits the sun demon but does no damage.
The helpless sun demon fails to defend itself.
You cut the sun demon into ribbons!!!!!
You kill the sun demon!
(D) Dungeon (T) Temple (L) Lair (S) Swamp (N) Spider Nest (M) Slime Pits (O) Orcish Mines (E) Elven Halls (V) Vaults (C) Crypt (W) Tomb (U) Depths (H) Hell (I) Dis (G) Gehenna (X) Cocytus (Y) Tartarus (Z) Zot
Where to? (Enter - D:1 @ (x,y), ? - help)
Okay, then.
Unknown command.
Unknown command.
Your large abomination disappears in a puff of smoke! 6 golden eyes come into view.
There is a large open door here.
Casting: Summon Horrible Things (mildly dangerous; 1% risk of failure)
Confirm with . or Enter, or press ? or * to list all spells.
Casting: Discord (mildly dangerous; 1% risk of failure)
Press: ? - help, Dir - look around, f - activate The golden eye flies into a frenzy! x2
Your large abomination is unaffected.
The golden eye flies into a frenzy! x4
There is a large open door here.
Your large abomination misses the golden eye.
Your large abomination hits the golden eye.
Your large abomination hits the golden eye.
The golden eye dies!
There is a staircase leading out of the dungeon here.
You have escaped!

.....###.............# #.#.####
###### #.#######'##### #.#.# ..#
#.#######'###### #.#.# #.#
#.##.....X.....# #.#.# #.#
#.##...........####.#.# #.#
#.##..8.....8..##...#.# #.###
#.##...........##.###.# ....##
#.##...........##.# #.#
#.#..###.##.....L.....##.# #.# #
..##..##.##...........##.# #.####
#####.##.##...........##.# #....#
#.##.##..8.....8..##.######.# #
#..#.##...........##.#....†.#
######...##...........##.#..†...#
...# ##..#######'#######...[.....
...####..#######.### #.........
...'...............# #.######.#


You could see a friendly large abomination (summoned).

Vanquished Creatures
  Cerebov (Pan)
  Antaeus (Coc:7)
  Asmodeus (Geh:7)
  Dissolution (Slime:2)
  the Serpent of Hell (Dis:7)
  Ignacio (Pan)
  Lom Lobon (Pan)
  Mnoleg (Pan)
  7 ancient liches
  7 dread liches
  An orb of fire (Zot:5)
  Mennas (Pan)
  Sojobo (Vaults:5)
  2 juggernauts (Dis:7)
  23 royal mummies
  21 shard shrikes
  8 Killer Klowns (Zot:5)
  9 caustic shrikes
  Geryon (Hell)
  2 curse toes
  5 pandemonium lords (Pan)
  Jory (Crypt:3)
  A pearl dragon (Pan)
  8 golden dragons
  5 profane servitors
  16 bone dragons
  12 Tzitzimimeh
  Arachne (Spider:4)
  13 Brimstone Fiends
  14 doom hounds
  2 shard shrike zombies
  3 electric golems
  19 Orb Guardians
  10 tainted leviathans
  18 tentacled monstrosities
  8 iron giants
  20 Ice Fiends
  4 deep elf blademasters (Elf:3)
  4 hellephants
  20 titans
  13 Hell Sentinels
  8 liches
  6 quicksilver dragons
  18 searing wretches
  Grunn (Depths:3)
  2 deep elf master archers (Elf:3)
  17 acid blobs
  7 sphinxes
  17 Executioners (Pan)
  2 tentacled starspawn (Abyss:4)
  25 ancient champions
  An eldritch tentacle (Pan)
  10 death cobs
  11 storm dragons
  4 thorn hunters
  A storm dragon (shapeshifter) (Vaults:5)
  8 tengu reavers
  Agnes (D:15)
  6 draconian monks
  4 shadow dragons
  12 azure jellies
  3 draconian knights
  18 fire giants
  9 revenants
  16 narguns
  A fenstrider witch (Swamp:3)
  7 quicksilver elementals
  8 rockslimes
  4 demonspawn warmongers (Pan)
  14 vault wardens
  15 daevas (Pan)
  12 frost giants
  A spectral caustic shrike (Tar:2)
  5 draconian shifters
  10 deep elf sorcerers
  11 iron dragons
  A caustic shrike zombie (Hell)
  2 curse skulls
  2 draconian scorchers (Zot:3)
  5 ghouls
  2 juggernaut zombies
  39 balrugs
  Louise (Spider:1)
  2 deep elf elementalists (Elf:3)
  2 draconian stormcallers
  3 emperor scorpions
  16 cacodemons (Pan)
  7 ghost moths
  A caustic shrike skeleton (Crypt:2)
  21 angels
  18 reapers
  35 war gargoyles
  6 shard shrike simulacra
  2 orc warlords
  21 very ugly things
  4 demonspawn blood saints
  A broodmother (shapeshifter) (Vaults:5)
  3 demonspawn corrupters (Pan)
  2 ironbound thunderhulks
  5 spriggan defenders
  15 ironbound preservers
  10 ophanim (Pan)
  9 quicksilver oozes
  13 stone giants
  A juggernaut skeleton (Coc:4)
  4 draconian annihilators
  7 black draconians
  6 deep elf demonologists
  4 green draconians
  Nessos (D:14)
  5 bennus
  16 lorocyprocas
  9 dire elephants
  5 demonspawn black suns (Pan)
  14 purple draconians
  7 putrid mouths
  9 vampire knights
  13 apis (Pan)
  5 yellow draconians
  Azrael (Elf:2)
  24 wendigos
  5 eleionomae
  15 deep elf annihilators
  12 spark wasps
  25 elemental wellsprings
  A minotaur (Gauntlet)
  6 white draconians
  7 bunyips
  5 red draconians
  8 green deaths
  A merfolk javelineer (Abyss:4)
  A starcursed mass (Abyss:4)
  5 eidola
  Snorg (D:11)
  Josephine (Orc:1)
  17 iron golems
  9 ettins
  7 deep elf death magi
  8 great orbs of eyes
  A merfolk impaler (Depths:1)
  5 crystal guardians
  12 deep elf high priests
  15 blizzard demons
  3 spectral spriggans
  4 spriggan zombies
  10 salamander tyrants
  14 mummy priests
  6 jiangshi
  4 fire dragons
  A quicksilver dragon zombie (Coc:4)
  An entropy weaver (shapeshifter) (Elf:1)
  4 entropy weavers
  A kraken zombie (Hell)
  A shambling mangrove (Swamp:4)
  9 rakshasas
  32 vault guards
  11 hydras
  A spriggan skeleton (Tomb:2)
  10 juggernaut simulacra
  4 peacekeepers
  10 yaktaur captains
  8 ice dragons
  A quicksilver dragon skeleton (Crypt:1)
  3 ogre magi
  10 caustic shrike simulacra
  2 ghost crabs
  4 ironbound frosthearts
  2 jorogumos
  6 spriggan air magi
  5 radroaches
  3 hell beasts (Pan)
  12 stokers
  10 alligators
  10 boulder beetles
  2 death knights
  6 centaur warriors
  11 death yaks
  8 two-headed ogres
  31 dancing weapons
  7 tengu warriors
  27 death scarabs
  2 deep troll earth magi (Depths:1)
  5 deep troll shamans
  6 hell hogs
  A satyr (Abyss:4)
  2 thrashing horrors (Abyss:4)
  2 orc high priests (Orc:2)
  2 spectral dire elephants
  2 spectral nagas
  4 spriggan berserkers
  A quicksilver ooze zombie (Crypt:2)
  4 skysharks
  22 deep elf knights
  A vampire mage (Depths:3)
  2 wretched stars (Abyss:4)
  A titan zombie (Depths:1)
  21 soul eaters
  A hell knight (Depths:3)
  4 crystal echidnas
  63 sun demons
  12 shadow wraiths
  3 storm dragon zombies
  6 goliath frogs
  2 iron trolls
  19 sixfirhies (Pan)
  A spectral bunyip (Tar:1)
  2 titan skeletons
  2 salamander mystics (Depths:4)
  14 skeletal warriors
  Lodul (D:14)
  7 pharaoh ants
  5 glowing orange brains
  3 sun moths
  11 quicksilver dragon simulacra
  A spatial maelstrom (Abyss:4)
  29 deep trolls
  A spectral anaconda (Tar:1)
  A golden dragon zombie (Hell)
  A spark wasp zombie (Crypt:3)
  11 bog bodies
  6 cherubim (Pan)
  3 shadow demons (Pan)
  An anaconda zombie (Crypt:2)
  5 spriggan druids
  An iron giant skeleton (Crypt:2)
  3 flayed ghosts
  6 orb spiders
  9 deep elf archers
  5 wizards
  A sphinx zombie (Hell)
  A golden dragon skeleton (Tomb:2)
  A shadow dragon zombie (Crypt:1)
  13 ironbound convokers
  8 lindwurms (Vaults:1)
  A bunyip skeleton (Pan)
  9 phantasmal warriors
  7 orc knights
  3 anaconda skeletons
  12 swamp dragons
  2 harpies (Vaults:3)
  2 wolf spider zombies (Spider:2)
  5 steelbarb worms
  A fenstrider witch simulacrum (Coc:1)
  4 spectral wolf spiders (Spider:2)
  40 deep elf pyromancers
  6 necromancers
  A draconian zombie (Crypt:1)
  24 wolf spiders
  5 will-o-the-wisps
  28 deep elf zephyrmancers
  An eleionoma zombie (Crypt:1)
  5 manticores
  7 shining eyes
  3 orc sorcerers
  18 ugly things
  5 salamanders (Depths:4)
  2 spectral ettins
  2 fire giant zombies
  A moth of wrath (shapeshifter) (Depths:2)
  A worldbinder (Abyss:4)
  A guardian serpent (shapeshifter) (D:14)
  A naga zombie (Tomb:2)
  16 moths of wrath
  An apocalypse crab (Abyss:4)
  4 black mambas
  3 ice statues
  3 rust devils (Hell)
  Maurice (D:8)
  4 elephants (Lair:5)
  11 eyes of devastation
  2 guardian serpents (Abyss:4)
  4 molten gargoyles (Geh:7)
  A stone giant skeleton (Crypt:1)
  25 demonic crawlers
  21 orange demons (Pan)
  13 vault sentinels
  30 smoke demons
  An unseen horror (shapeshifter) (Elf:3)
  A storm dragon simulacrum (Coc:1)
  8 cane toads
  A grey draconian zombie (Crypt:3)
  2 rime drakes (Lair:5)
  An unseen horror (D:12)
  7 efreet (Pan)
  5 komodo dragons
  7 titan simulacra
  3 dire elephant skeletons
  A pale draconian zombie (Crypt:3)
  12 hellions
  2 kobold demonologists
  3 torpor snails
  A minotaur zombie (Gauntlet)
  2 sea snake zombies (Hell)
  An alligator snapping turtle skeleton (Pan)
  2 iron giant simulacra
  6 freezing wraiths
  3 tengu conjurers
  6 anaconda simulacra
  14 ice devils
  12 yaktaurs
  Psyche (D:11)
  11 tormentors
  2 ancient zymes (Abyss:4)
  3 red devils
  7 trolls
  A sea snake skeleton (Hell)
  19 guardian mummies
  A queen bee (Gauntlet)
  7 polar bears
  A harpy zombie (Crypt:1)
  9 spectral harpies
  9 tyrant leeches
  6 meliai (D:13)
  3 tarantellas (shapeshifter)
  2 bloated husks
  A golden dragon simulacrum (Coc:3)
  2 hydra zombies
  A shadow dragon simulacrum (Crypt:3)
  25 hellwings
  5 wolf spider simulacra (Spider:2)
  12 hornets
  A harpy skeleton (Pan)
  2 blink frogs (Lair:1)
  A sphinx simulacrum (Depths:1)
  2 hornets (shapeshifter)
  28 tarantellas
  2 iron dragon simulacra
  An ettin zombie (Crypt:3)
  2 hydra skeletons
  9 dream sheep
  2 stone giant simulacra
  2 raiju (Lair:5)
  An alligator zombie (Hell)
  A shadow (D:10)
  2 centaur simulacra
  A culicivora (shapeshifter) (Spider:4)
  76 slime creatures
  7 air elementals
  3 water elementals (Depths:2)
  20 flying skulls
  10 wraiths
  20 yaks
  28 culicivoras
  18 jumping spiders
  19 spriggans
  5 dire elephant simulacra
  21 ynoxinuls (Pan)
  6 ushabtiu
  7 fire elementals
  3 basilisks
  3 neqoxecs (Pan)
  Eustachio (D:6)
  43 redbacks
  13 chaos spawn
  4 wyverns
  9 golden eyes
  5 steam dragons
  21 vampire mosquitoes
  2 death yak simulacra (IceCv)
  9 harpy simulacra
  18 swamp worms
  9 wargs
  27 large abominations
  9 water moccasins
  A deep troll zombie (Crypt:2)
  A naga (Abyss:4)
  3 acid dragons
  3 floating eyes (Pan)
  10 hell hounds
  6 hydra simulacra
  A naga skeleton (Tomb:1)
  An ice beast (shapeshifter) (D:13)
  10 black bears (Lair:5)
  27 orc warriors
  An alligator simulacrum (Hell)
  3 ice beasts
  9 swamp drakes
  18 ogres
  3 sky beasts
  4 ettin simulacra
  9 boggarts
  A hog zombie (Crypt:3)
  A snapping turtle skeleton (Crypt:1)
  4 centaurs
  A swamp dragon skeleton (Pan)
  21 wolves
  3 kobold brigands
  A phantom (D:6)
  A nameless horror (Pan)
  Blork the orc (D:4)
  A gnoll sergeant (D:11)
  10 bullfrogs
  7 cane toad simulacra (IceCv)
  An elf skeleton (Crypt:1)
  A necrophage (Crypt:1)
  4 earth elementals
  A komodo dragon skeleton (Crypt:3)
  2 water moccasin zombies (Ossuary)
  13 wights
  A small abomination (Depths:1)
  6 scorpions
  A polar bear zombie (Crypt:2)
  22 killer bees
  4 elephant simulacra (IceCv)
  A yak skeleton (Crypt:1)
  4 howler monkeys (D:9)
  5 crimson imps (Pan)
  A bullfrog zombie (Ossuary)
  3 centaur zombies
  8 hounds
  5 gnoll boudas
  2 jellies
  A human zombie (Ossuary)
  9 orc priests
  Ijyb (D:3)
  2 scorpion zombies (Ossuary)
  2 sleepcaps
  8 iguanas
  20 orc wizards
  8 spriggan simulacra
  6 hell rats
  3 polar bear simulacra (IceCv)
  4 wolf simulacra (IceCv)
  A tengu zombie (Crypt:1)
  2 ogre zombies (Ossuary)
  A deep dwarf skeleton (Crypt:1)
  26 mummies
  5 adders
  23 gnolls
  8 naga simulacra
  3 shadow imps
  3 white imps
  4 ufetubi
  4 adder zombies (Ossuary)
  A lava snake skeleton (Crypt:2)
  4 worms
  2 dart slugs (D:1)
  59 orcs
  A bat zombie (Crypt:3)
  9 endoplasms
  A giant cockroach (D:1)
  2 gnoll zombies (Ossuary)
  6 goblins
  6 hobgoblins
  5 jackals
  2 quokkas (D:2)
  A training dummy (Elf:3)
  6 ball pythons
  8 bats
  4 frilled lizards
  A goblin zombie (Ossuary)
  A hobgoblin skeleton (Crypt:3)
  3 hobgoblin zombies (Ossuary)
  13 kobolds
  2 orc zombies (Ossuary)
  4 rats
  A ball lightning (Zot:5)
  21 briar patches
  18 butterflies
  25 fire vortices
  A starspawn tentacle (Abyss:4)
  2 tentacles (Hell)
3402 creatures vanquished.

Vanquished Creatures (collateral kills)
  the Royal Jelly (Slime:5)
  Ereshkigal (Tar:7)
  Gloorx Vloq (Pan)
  A seraph (Pan)
  A pandemonium lord (Depths:1)
  2 dread liches
  Dispater (Dis:7)
  2 orbs of fire (Zot:5)
  3 ancient liches
  A juggernaut (Dis:7)
  Frederick (Crypt:3)
  6 royal mummies
  A shard shrike (Coc:7)
  A curse toe (Crypt:3)
  17 caustic shrikes
  3 Killer Klowns (Zot:5)
  Saint Roka (Vaults:5)
  4 golden dragons
  A pearl dragon (Pan)
  3 profane servitors
  5 bone dragons
  5 doom hounds
  7 Tzitzimimeh
  An iron giant (Dis:7)
  4 Brimstone Fiends
  5 tentacled monstrosities
  9 Orb Guardians (Zot:5)
  A lich (Crypt:3)
  3 Ice Fiends
  4 Hell Sentinels
  3 tainted leviathans
  A quicksilver dragon (Zot:2)
  3 titans
  7 acid blobs
  11 ancient champions
  A sphinx (Tomb:1)
  2 Executioners (Pan)
  4 death cobs
  2 storm dragons (Vaults:5)
  5 rockslimes
  A draconian monk (Zot:5)
  3 daevas (Pan)
  A revenant (Crypt:3)
  3 tengu reavers
  2 narguns (Coc:7)
  4 demonspawn warmongers (Pan)
  2 azure jellies
  A shadow dragon (Vaults:5)
  4 fire giants
  A deep elf sorcerer (Vaults:5)
  4 quicksilver elementals
  4 draconian knights
  An iron dragon (Dis:7)
  2 angels (Pan)
  5 vault wardens
  17 balrugs
  6 draconian scorchers
  6 draconian shifters
  2 curse skulls
  3 demonspawn blood saints (Pan)
  3 demonspawn corrupters (Pan)
  2 reapers (Pan)
  A spriggan defender (Depths:2)
  A quicksilver ooze (Slime:2)
  11 ironbound preservers
  3 stone giants
  2 draconian annihilators (Zot:2)
  9 war gargoyles
  8 very ugly things
  A vampire knight (Coc:4)
  6 cacodemons (Pan)
  An ironbound thunderhulk (Vaults:1)
  A deep elf annihilator (Vaults:5)
  4 putrid mouths
  11 apis (Pan)
  8 black draconians
  4 ophanim (Pan)
  2 spark wasps (Depths:4)
  A deep elf demonologist (Vaults:5)
  5 purple draconians
  2 bennus
  3 elemental wellsprings
  4 demonspawn black suns (Pan)
  5 yellow draconians
  5 green draconians
  4 red draconians
  7 dire elephants
  4 white draconians
  A wendigo (Coc:7)
  2 deep elf death magi
  4 iron golems
  5 blizzard demons (Pan)
  10 mummy priests
  2 green deaths (Pan)
  An eidolon (Crypt:3)
  3 jiangshi (Crypt:3)
  6 yaktaur captains
  2 ettins
  A spectral quicksilver dragon (Tar:6)
  4 fire dragons
  4 great orbs of eyes
  2 peacekeepers (Vaults:2)
  An ice dragon (Depths:2)
  3 rakshasas
  A hydra (Lair:5)
  8 vault guards
  A salamander tyrant (Geh:7)
  An ogre mage (Vaults:2)
  A death knight (Crypt:1)
  5 centaur warriors
  A stoker (Geh:4)
  6 dancing weapons
  2 ironbound frosthearts
  A boulder beetle (Dis:3)
  A death yak (D:10)
  33 death scarabs
  5 deep troll shamans
  2 vampire magi (Crypt:3)
  21 hell hogs
  6 hell knights (Vaults:5)
  5 soul eaters (Pan)
  4 deep troll earth magi
  2 thrashing horrors (Abyss:4)
  A deep elf knight (Elf:3)
  12 skeletal warriors
  3 iron trolls
  41 sun demons
  A wretched star (Abyss:4)
  5 crystal echidnas (Dis:7)
  7 sixfirhies (Pan)
  A salamander mystic (Depths:4)
  A sun moth (Spider:4)
  8 shadow wraiths
  6 cherubim (Pan)
  An anaconda zombie (Hell)
  3 glowing orange brains
  2 shadow demons (Pan)
  42 deep trolls
  A swamp dragon (Lair:5)
  7 wizards
  A steelbarb worm (Spider:4)
  3 lindwurms (Vaults:1)
  A nameless horror (Vaults:5)
  A tengu zombie (Vaults:3)
  A deep elf pyromancer (Elf:2)
  10 harpies
  A spectral wolf spider (Spider:2)
  3 necromancers
  9 ironbound convokers
  20 ugly things
  A will-o-the-wisp (Swamp:2)
  7 moths of wrath
  2 shining eyes
  2 salamanders (Depths:4)
  A sphinx zombie (Hell)
  An elephant (shapeshifter) (Vaults:5)
  2 demonic crawlers (Pan)
  4 rust devils
  15 smoke demons
  4 vault sentinels
  A black mamba (Lair:2)
  10 orange demons (Pan)
  2 molten gargoyles (Geh:7)
  13 hellions
  17 yaktaurs
  A dire elephant skeleton (Crypt:3)
  3 freezing wraiths
  A yaktaur (shapeshifter) (Vaults:5)
  2 efreet (Pan)
  2 alligator snapping turtle skeletons
  19 guardian mummies
  7 tormentors
  2 human skeletons (Vaults:3)
  3 polar bears (Lair:5)
  4 red devils (Pan)
  2 ice devils
  5 spectral harpies (Geh:4)
  A silent spectre (Tar:7)
  12 hellwings (Pan)
  2 trolls (Vaults:5)
  A raiju (Lair:5)
  A blink frog (Lair:1)
  A dream sheep (Lair:2)
  A spriggan zombie (Hell)
  23 flying skulls
  50 slime creatures
  2 water elementals (Depths:2)
  A satyr skeleton (Crypt:3)
  5 ynoxinuls (Pan)
  An ettin skeleton (Vaults:3)
  A yak (Lair:3)
  An alligator snapping turtle simulacrum (Coc:1)
  4 ushabtiu
  A fire elemental (Elf:2)
  A redback (Spider:4)
  A golden eye (D:1)
  17 chaos spawn
  4 neqoxecs (Pan)
  A warg (Vaults:5)
  An elf skeleton (Vaults:3)
  A water moccasin (Lair:1)
  A floating eye (Depths:3)
  3 large abominations (Pan)
  2 orc warriors (Vaults:5)
  13 hell hounds
  5 wolves
  2 ogres (Vaults:5)
  A bullfrog (Lair:3)
  A small abomination (Zot:5)
  2 crimson imps (Pan)
  An orc wizard (Vaults:5)
  4 hell rats (Hell)
  24 mummies
  A shadow imp (Gauntlet)
  6 orcs
  A training dummy (Elf:3)
  2 ball lightnings (Pan)
  3 creeping infernos
  9 fire vortices
  7 foxfires
1029 creatures vanquished.

Vanquished Creatures (others)
  A shard shrike (Coc:7)
  3 caustic shrikes
  3 bone dragons
  A profane servitor (Tar:2)
  A doom hound (Tar:5)
  A Tzitzimitl (Tar:5)
  A pandemonium lord (Zot:5)
  A tentacled monstrosity (Depths:2)
  A lich (Depths:3)
  A deep elf master archer (Elf:3)
  An acid blob (Slime:1)
  A searing wretch (Geh:4)
  A titan (Pan)
  A deep elf blademaster (Elf:1)
  2 Executioners (Pan)
  A sphinx (Tomb:1)
  An eldritch tentacle (Pan)
  2 ancient champions
  A storm dragon (Zot:1)
  3 fire giants
  3 azure jellies
  A draconian monk (Zot:2)
  A draconian shifter (Zot:2)
  A draconian knight (Zot:3)
  A draconian scorcher (Zot:2)
  3 shard shrike simulacra
  A cacodemon (Pan)
  3 draconian stormcallers
  2 stone giants (Vaults:5)
  A demonspawn corrupter (Pan)
  An angel (Pan)
  2 very ugly things
  A war gargoyle (Hell)
  A demonspawn blood saint (Pan)
  2 ironbound preservers
  An ironbound thunderhulk (Vaults:4)
  2 green draconians
  2 apis (Pan)
  A lorocyproca (Pan)
  A deep elf annihilator (Pan)
  A bennu (Tomb:1)
  A red draconian (Zot:5)
  A dire elephant (Vaults:1)
  A white draconian (Zot:3)
  An ettin (Vaults:5)
  A jiangshi (Crypt:3)
  2 mummy priests
  A yaktaur captain (Vaults:4)
  A blizzard demon (Pan)
  A deep elf high priest (Elf:3)
  3 juggernaut simulacra
  A radroach (Spider:4)
  A hydra (Swamp:4)
  An ironbound frostheart (Vaults:2)
  A salamander tyrant (Geh:7)
  2 centaur warriors (Vaults:2)
  A death knight (Crypt:2)
  A dancing weapon (D:14)
  4 boulder beetles (Dis:3)
  16 death scarabs
  2 death yaks (D:10)
  4 hell hogs
  A thrashing horror (Abyss:4)
  A deep troll earth mage (Depths:4)
  2 skeletal warriors (Crypt:3)
  11 sun demons
  A deep elf knight (Elf:2)
  An iron troll (Depths:2)
  A soul eater (Pan)
  6 shadow wraiths
  2 sixfirhies (Pan)
  3 cherubim (Pan)
  8 deep trolls
  A glowing orange brain (Depths:4)
  2 ironbound convokers
  A spriggan simulacrum (Coc:7)
  A deep elf archer (Elf:3)
  2 lindwurms (Vaults:1)
  A bog body (Coc:4)
  3 wizards (Pan)
  A phantasmal warrior (Crypt:2)
  A deep elf zephyrmancer (Elf:3)
  2 salamanders (Depths:4)
  3 harpies (Vaults:2)
  A wolf spider (Spider:2)
  5 ugly things
  2 orange demons (Pan)
  An apocalypse crab (Abyss:4)
  3 demonic crawlers (Pan)
  2 molten gargoyles (Geh:7)
  A moth of wrath (Zot:4)
  10 smoke demons (Pan)
  A cane toad (Lair:3)
  5 hellions
  5 guardian mummies (Tomb:3)
  A freezing wraith (Vaults:2)
  4 tormentors
  3 yaktaurs
  An ice devil (Hell)
  An anaconda simulacrum (Coc:5)
  3 red devils
  A spectral harpy (Geh:4)
  A meliai (Spider:4)
  4 hellwings (Pan)
  An iron dragon simulacrum (Coc:4)
  2 flying skulls (Tomb:3)
  10 slime creatures
  2 water elementals (Depths:1)
  2 ynoxinuls (Pan)
  A redback (Spider:3)
  6 neqoxecs (Pan)
  3 chaos spawn (Pan)
  An orc warrior (Orc:1)
  A black bear (Lair:5)
  An ogre (Vaults:5)
  A necrophage (Crypt:3)
  A crimson imp (Pan)
  A hell rat (Hell)
  6 mummies
  An orc (Vaults:5)
  A training dummy (Elf:3)
  21 ball lightnings
  A block of ice (Pan)
  8 creeping infernos
  6 fire vortices
  1002 foxfires
  18 fungi
  4 lurking horrors
  42 plants
  3 starspawn tentacles (Abyss:4)
  6 tentacles (Hell)
1369 creatures vanquished.

Grand Total: 5800 creatures vanquished

Notes
Turn   | Place    | Note
-------+----------+-------------------------------------------
     0 | D:1      | Khashishi the Djinni Fire Elementalist began the quest for
                  | the Orb.
     0 | D:1      | Khashishi set off with the following spells memorised:
                  | Foxfire, Scorch, Kindle Blastsparks, Inner Flame, Flame
                  | Wave.
     0 | D:1      | Reached XP level 1. HP: 15/15 MP: 0/0
   384 | D:1      | Reached XP level 2. HP: 21/21 MP: 0/0
   552 | D:1      | Reached XP level 3. HP: 24/25 MP: 0/0
   552 | D:1      | Learned a level 1 spell: Kiss of Death
  1024 | D:2      | Reached XP level 4. HP: 30/31 MP: 0/0
  1254 | D:2      | Reached XP level 5. HP: 32/35 MP: 0/0
  1254 | D:2      | Learned a level 2 spell: Lesser Beckoning
  1440 | D:2      | Found a broken altar of Ashenzari.
  1623 | D:3      | Noticed Ijyb
  1636 | D:3      | Killed Ijyb
  1915 | D:3      | Reached XP level 6. HP: 38/40 MP: 0/0
  2234 | D:4      | Reached skill level 5 in Spellcasting
  2269 | D:4      | Noticed Blork the orc
  2273 | D:4      | Killed Blork the orc
  2427 | D:4      | Found a sand-covered staircase.
  2438 | Ossuary  | Entered an ossuary
  2496 | Ossuary  | Reached XP level 7. HP: 34/45 MP: 0/0
  2496 | Ossuary  | Learned a level 3 spell: Vampiric Draining
  2851 | Ossuary  | Noticed a silent spectre
  3309 | D:4      | Found a broken altar of Ashenzari.
  3318 | D:4      | Found a hazy altar of Hepliaklqana.
  3365 | D:5      | Entered Level 5 of the Dungeon
  3370 | D:5      | Reached XP level 8. HP: 43/50 MP: 0/0
  3551 | D:5      | Found a staircase to the Ecumenical Temple.
  3563 | Temple   | Entered the Ecumenical Temple
  3656 | Temple   | Became a worshipper of Ru the Awakened
  4390 | D:6      | Noticed Eustachio
  4394 | D:6      | Killed Eustachio
  4395 | D:6      | Reached XP level 9. HP: 40/55 MP: 0/0
  4395 | D:6      | Learned a level 4 spell: Dispel Undead
  4795 | D:6      | Gained mutation: Your cowardice makes you less effective in
                  | combat with threatening foes. [Ru sacrifice]
  4795 | D:6      | Reached * piety under Ru
  5266 | D:7      | Found a sparkling altar of Nemelex Xobeh.
  5325 | D:7      | Found a burning altar of Makhleb.
  5411 | D:7      | Reached skill level 10 in Spellcasting
  5424 | D:7      | Found a hide-covered altar of Uskayaw.
  5589 | D:7      | Found a shimmering altar of Xom.
  5635 | D:7      | Reached XP level 10. HP: 54/60 MP: 0/0
  6139 | D:8      | Gained mutation: You cannot train Dodging skill. [Ru
                  | sacrifice]
  6139 | D:8      | Reached ** piety under Ru
  6146 | D:8      | Noticed Maurice
  6152 | D:8      | Killed Maurice
  6153 | D:8      | Reached skill level 1 in Fighting
  6153 | D:8      | Reached skill level 1 in Armour
  6153 | D:8      | Reached skill level 1 in Evocations
  6165 | D:8      | Noticed a two-headed ogre
  6171 | D:8      | Killed a two-headed ogre
  6593 | D:9      | Reached skill level 1 in Shields
  6608 | D:9      | Reached XP level 11. HP: 17/71 MP: 0/0
  6608 | D:9      | Learned a level 4 spell: Animate Armour
  7174 | D:9      | Found a staircase to the Orcish Mines.
  7175 | D:9      | Found Naocurod's Weapon Emporium.
  7330 | D:9      | Gained mutation: You cannot study or use magical devices.
                  | [Ru sacrifice]
  7330 | D:9      | Reached *** piety under Ru
  7330 | D:9      | Reached **** piety under Ru
  7330 | D:9      | Reached ***** piety under Ru
  7529 | D:10     | Entered Level 10 of the Dungeon
  7604 | D:10     | Noticed a death yak
  7609 | D:10     | Noticed a death yak
  7614 | D:10     | Killed a death yak
  7617 | D:10     | Noticed a death yak
  7618 | D:10     | Noticed a death yak
  7619 | D:10     | Noticed a death yak
  7619 | D:10     | Noticed a death yak
  7620 | D:10     | Noticed a death yak
  7623 | D:10     | Killed a death yak
  7623 | D:10     | Killed a death yak
  7623 | D:10     | Killed a death yak
  7623 | D:10     | Killed a death yak
  7624 | D:10     | Reached skill level 5 in Fighting
  7624 | D:10     | Reached skill level 5 in Armour
  7626 | D:10     | Noticed a death yak
  7627 | D:10     | Killed a death yak
  7634 | D:10     | Killed a death yak
  7635 | D:10     | Reached skill level 5 in Shields
  7635 | D:10     | Reached XP level 12. HP: 43/81 MP: 0/0
  7755 | D:10     | Found a staircase to the Lair.
  8216 | D:10     | Found Maosim Ocwy's Assorted Antiques.
  8513 | D:10     | Gained mutation: You are weak. (Str -2) [Ru sacrifice]
  8635 | D:10     | Killed a death yak
  8779 | Lair:1   | Entered Level 1 of the Lair of Beasts
  8848 | Lair:1   | Identified the +6 scale mail of Conscience {rC+}
  9741 | Lair:2   | Identified 3 scrolls of acquirement
  9742 | Lair:2   | Acquired the ring "Kikug" {rF+ Will+ MP+9 Dex-3 SInv}
  9745 | Lair:2   | Acquired a manual of Spellcasting
  9747 | Lair:2   | Acquired 710 gold pieces
 10050 | Lair:2   | Gained mutation: You are missing an eye, making it more
                  | difficult to aim. [Ru sacrifice]
 10050 | Lair:2   | Reached ****** piety under Ru
 10227 | Lair:2   | Found a hole to the Spider Nest.
 10556 | Lair:3   | Reached XP level 13. HP: 82/87 MP: 0/0
 10556 | Lair:3   | Learned a level 5 spell: Silence
 10658 | Lair:3   | Found a staircase to the Swamp.
 11829 | Lair:4   | Found a gate leading to a gauntlet.
 11844 | Gauntlet | Entered a Gauntlet
 11844 | Gauntlet | Found a transporter.
 11853 | Gauntlet | Found a transporter.
 11855 | Gauntlet | Found a transporter.
 11857 | Gauntlet | Found a transporter.
 11872 | Gauntlet | Found a transporter.
 11887 | Gauntlet | Found a transporter.
 11895 | Gauntlet | Found a transporter.
 11895 | Gauntlet | a boulder beetle changed into a great orb of eyes
 11895 | Gauntlet | Noticed a great orb of eyes (glowing shapeshifter)
 11898 | Gauntlet | a great orb of eyes changed into a jorogumo
 11898 | Gauntlet | Noticed a jorogumo (glowing shapeshifter)
 11912 | Gauntlet | Found a transporter.
 11930 | Gauntlet | Found a transporter.
 11942 | Gauntlet | Found a transporter.
 11942 | Gauntlet | Noticed a balrug
 11983 | Gauntlet | Found a transporter.
 11997 | Gauntlet | Found a transporter.
 12002 | Gauntlet | Noticed an entropy weaver
 12006 | Gauntlet | Found a transporter.
 12011 | Gauntlet | Found a transporter.
 12013 | Gauntlet | Found a transporter.
 12032 | Gauntlet | Found a transporter.
 12039 | Gauntlet | Found a transporter.
 12082 | Gauntlet | Found a transporter.
 12199 | Gauntlet | Identified the amulet of Bouqyf {rF- rN+ Regen+ Slay+2}
 12316 | Gauntlet | Noticed a minotaur
 12336 | Gauntlet | Killed a minotaur
 12547 | Lair:4   | Reached skill level 10 in Armour
 12981 | Lair:4   | Found a staircase to the Slime Pits.
 13297 | Lair:5   | Entered Level 5 of the Lair of Beasts
 13373 | Lair:5   | Reached XP level 14. HP: 75/96 MP: 0/0
 13812 | Lair:5   | Reached skill level 15 in Spellcasting
 14894 | D:11     | Reached skill level 10 in Shields
 14923 | D:11     | Noticed Psyche
 14930 | D:11     | Killed Psyche
 15195 | D:11     | Noticed Snorg
 15201 | D:11     | Killed Snorg
 15737 | D:12     | Reached XP level 15. HP: 69/103 MP: 0/0
 15737 | D:12     | Learned a level 6 spell: Starburst
 15754 | D:12     | Found a frozen archway.
 15787 | IceCv    | Entered an ice cave
 16418 | IceCv    | Identified the ring of Recy {rF+ rC++ rN+ Stlth+}
 17620 | D:13     | Identified the +1 chain mail of Optimism {rElec rC+ Int+2
                  | Slay-4}
 17670 | D:13     | Found a sparkling altar of Nemelex Xobeh.
 18049 | D:14     | Noticed Lodul
 18052 | D:14     | Killed Lodul
 18101 | D:14     | Noticed Nessos
 18111 | D:14     | Found a hide-covered altar of Uskayaw.
 18116 | D:14     | Killed Nessos
 18518 | D:14     | Found a gate to the Vaults.
 18788 | D:15     | Entered Level 15 of the Dungeon
 18801 | D:15     | Found a flickering gateway to a bazaar.
 18850 | Bazaar   | Entered a bazaar
 18870 | Bazaar   | Found Lytaqal's Distillery.
 18881 | Bazaar   | Found Vonewuh's Book Emporium.
 18908 | Bazaar   | Found Raebbohi's Jewellery Boutique.
 18924 | Bazaar   | Found Xuacoub's General Store.
 18978 | Bazaar   | Bought the ring of Qikhlinie {rC+ rN+ Str+4 Int+2 Dex-2}
                  | for 535 gold pieces
 19000 | Bazaar   | Bought a manual of Armour for 1360 gold pieces
 19164 | D:15     | Reached XP level 16. HP: 54/113 MP: 0/0
 19302 | D:15     | Reached skill level 10 in Fighting
 19356 | D:15     | Found a stormy altar of Qazlal.
 19471 | D:15     | Noticed Agnes
 19477 | D:15     | Killed Agnes
 19873 | D:15     | Found a staircase to the Depths.
 20114 | Orc:1    | Entered Level 1 of the Orcish Mines
 20259 | Orc:2    | Entered Level 2 of the Orcish Mines
 20259 | Orc:2    | Found Qeucuqas's General Store.
 20277 | Orc:2    | Found Moabuipt's Antique Weapon Emporium.
 20428 | Orc:2    | Found a staircase to the Elven Halls.
 20442 | Orc:2    | Found Cotyr's Jewellery Shop.
 20471 | Orc:2    | Found Zuamig's Antique Armour Boutique.
 20699 | Orc:2    | Found Cepuusuv's General Store.
 21098 | Orc:1    | Noticed Josephine
 21102 | Orc:1    | Killed Josephine
 21476 | Swamp:1  | Entered Level 1 of the Swamp
 21476 | Swamp:1  | You are sucked into a shaft and drop 1 floor!
 21572 | Swamp:2  | Reached skill level 15 in Armour
 21615 | Swamp:2  | Noticed a thorn hunter
 21623 | Swamp:2  | Killed a thorn hunter
 22017 | Swamp:1  | Reached XP level 17. HP: 92/123 MP: 0/0
 22017 | Swamp:1  | Learned a level 6 spell: Iron Shot
 22945 | Swamp:3  | Noticed a thorn hunter
 23022 | Swamp:3  | Killed a thorn hunter
 23361 | Swamp:3  | Acquired a manual of Fighting
 23595 | Swamp:4  | Entered Level 4 of the Swamp
 23629 | Swamp:4  | Noticed a thorn hunter
 23638 | Swamp:4  | Killed a thorn hunter
 23675 | Swamp:4  | Reached XP level 18. HP: 34/134 MP: 0/0
 23973 | Swamp:4  | Acquired the +12 quick blade of the Lost Violins {heavy,
                  | rPois rC+}
 23987 | Swamp:4  | Got a decaying rune of Zot
 24284 | Spider:1 | Entered Level 1 of the Spider Nest
 24311 | Spider:1 | Reached skill level 1 in Short Blades
 24623 | Spider:1 | Noticed Louise
 24632 | Spider:1 | Killed Louise
 24768 | Spider:1 | Reached skill level 5 in Short Blades
 26550 | Spider:3 | Reached skill level 15 in Fighting
 26619 | Spider:3 | Reached XP level 19. HP: 143/143 MP: 0/0
 26619 | Spider:3 | Learned a level 6 spell: Statue Form
 26661 | Spider:3 | Identified the +7 fire dragon scales of Lightning Storm
                  | {Harm rF++ rC- Will+ SInv}
 27068 | Spider:4 | Entered Level 4 of the Spider Nest
 27128 | Spider:4 | Noticed Arachne
 27140 | Spider:4 | Killed Arachne
 27445 | Spider:4 | Got a gossamer rune of Zot
 28082 | Elf:1    | Entered Level 1 of the Elven Halls
 28106 | Elf:1    | Paralysed by an air elemental for 1 turns
 28212 | Elf:1    | You are sucked into a shaft and drop 1 floor!
 28399 | Elf:2    | Found a huge runed translucent gate.
 28400 | Elf:2    | Found a huge runed translucent gate.
 28402 | Elf:2    | Found a huge runed translucent gate.
 28403 | Elf:2    | Found a huge runed translucent gate.
 28404 | Elf:2    | Found a huge runed translucent gate.
 28499 | Elf:2    | Reached XP level 20. HP: 89/155 MP: 0/0
 28706 | Elf:2    | Noticed a Tzitzimitl
 28727 | Elf:2    | Paralysed by an air elemental for 1 turns
 28730 | Elf:2    | Paralysed by an air elemental for 1 turns
 28739 | Elf:2    | Paralysed by an air elemental for 1 turns
 28786 | Elf:1    | Found Riobroa's Antique Armour Shop.
 28786 | Elf:1    | Found Dis Punt's Antique Armour Boutique.
 28923 | Elf:1    | Found Ganenaq's Armour Emporium.
 29403 | Elf:2    | Paralysed by an air elemental for 1 turns
 29405 | Elf:2    | Paralysed by an air elemental for 1 turns
 29462 | Elf:2    | Paralysed by an air elemental for 1 turns
 29465 | Elf:2    | Paralysed by an air elemental for 1 turns
 29582 | Elf:2    | Noticed Azrael
 29584 | Elf:2    | Killed Azrael
 30003 | Elf:3    | Entered Level 3 of the Elven Halls
 30601 | Elf:3    | Found a portal to a secret trove of treasure.
 30899 | Elf:3    | Reached XP level 21. HP: 155/161 MP: 0/0
 30899 | Elf:3    | Learned a level 8 spell: Discord
 30943 | Elf:3    | Identified the +6 mace of War {venom, rN+ Will+ Str+4
                  | Int+4}
 31166 | Elf:3    | Identified the +1 ring mail of Autumn {*Corrode rF+ rC+
                  | Str+2}
 31180 | Elf:3    | Identified the +1 scale mail of Popoir {rPois rC++ rCorr
                  | Dex-4 SInv}
 31181 | Elf:3    | Identified the ring "Cohal" {Wiz rF+ rN+ Will+ Dex+3}
 31228 | Elf:3    | Identified the +0 battleaxe "Putwiefa" {pain, Int+3}
 31236 | Elf:3    | Identified the +6 mace "Aluoxt" {drain, Int+3}
 31279 | Elf:3    | Identified the +7 morningstar of Ahyeni {speed, Fly rF+}
 31317 | Elf:3    | Identified the +0 leather armour of Altruism {Will++}
 31334 | Elf:3    | Identified the +1 pair of boots of Cifeman {Rampage +Inv
                  | Str+8 Dex-3}
 31342 | Elf:3    | Identified the ring "Vehu Eno" {rElec rC+ MP+9 Int-3 Dex+3}
 31697 | Depths:1 | Entered Level 1 of the Depths
 32116 | Depths:1 | Found Kaalip's Jewellery Emporium.
 32130 | Depths:1 | Found Tugeupt's Jewellery Shop.
 32134 | Depths:1 | Found Kaug's Weapon Boutique.
 32135 | Depths:1 | Found Warage's Antique Weapon Shop.
 32142 | Depths:1 | Bought a transparent rapier for 297 gold pieces
 32142 | Depths:1 | Identified the +8 rapier "Nyinis" {spect, rF- Dex+4 Stlth+}
                  | (You bought it in a shop on level 1 of the Depths)
 32149 | Depths:1 | You are sucked into a shaft and drop 1 floor!
 32158 | Depths:2 | Reached XP level 22. HP: 150/167 MP: 0/0
 32393 | Depths:2 | Identified the +5 short sword of Karma {flame, rF+++ Str+3
                  | Dex-3 Stlth-}
 32482 | Depths:1 | Found a gateway to Hell.
 33590 | Depths:2 | Found a one-way gate leading to the halls of Pandemonium.
 34145 | Depths:3 | Noticed a caustic shrike
 34153 | Depths:3 | Killed a caustic shrike
 34272 | Depths:3 | Found a one-way gate to the infinite horrors of the Abyss.
 34447 | Depths:3 | Noticed a golden dragon
 34457 | Depths:3 | Killed a golden dragon
 34458 | Depths:3 | Reached XP level 23. HP: 121/174 MP: 0/0
 34458 | Depths:3 | Learned a level 8 spell: Necromutation
 34634 | Depths:3 | Noticed Grunn
 34645 | Depths:3 | Killed Grunn
 35023 | Depths:3 | Identified the +1 ring mail of Zutatyaf {Harm}
 35023 | Depths:3 | Identified the +2 leather armour of Uskayaw's Delight
                  | {Rampage}
 35066 | Depths:4 | Entered Level 4 of the Depths
 35576 | Depths:4 | Found a gate to the Realm of Zot.
 35692 | Depths:4 | Found an opulent altar of Gozag.
 36378 | Depths:4 | Found a one-way gateway to a ziggurat.
 36785 | Vaults:1 | Entered Level 1 of the Vaults
 36987 | Vaults:1 | Reached XP level 24. HP: 170/185 MP: 0/0
 38500 | Vaults:2 | Found a staircase to the Crypt.
 39179 | Vaults:2 | Found Dutevvysk's Weapon Shop.
 39301 | Vaults:2 | Found the +8 demon trident "Rift" {distort, reach+}
 39733 | Vaults:3 | Reached XP level 25. HP: 186/193 MP: 0/0
 39733 | Vaults:3 | Learned a level 8 spell: Summon Horrible Things
 39788 | Vaults:3 | Found Ylirotizo's Distillery.
 42066 | Vaults:5 | Entered Level 5 of the Vaults
 42084 | Vaults:5 | Reached XP level 26. HP: 156/200 MP: 0/0
 42123 | Vaults:5 | Noticed an ancient lich
 42134 | Vaults:5 | Killed an ancient lich
 42281 | Vaults:5 | Identified the +1 ice dragon scales "Buushyf" {*Slow +Inv
                  | rPois rF- rC++ Int+3}
 42643 | Vaults:5 | Found the +3 pair of gauntlets of War {Slay+5}
 42644 | Vaults:5 | Noticed a dread lich
 42650 | Vaults:5 | Killed a dread lich
 42677 | Vaults:5 | Identified the +0 ring mail of the Monk {Regen+}
 42685 | Vaults:5 | Identified the +3 rapier "Doshonao" {protect, Dex+3}
 42707 | Vaults:5 | Identified the +2 scimitar "Helouc" {elec, rPois Str-2
                  | Dex+2}
 42712 | Vaults:5 | Identified the +2 halberd of Racahoustru {chaos, rCorr
                  | Int+5}
 42801 | Vaults:5 | Reached skill level 15 in Shields
 42910 | Vaults:5 | Got a silver rune of Zot
 43018 | Vaults:5 | Killed Saint Roka
 43047 | Vaults:5 | Identified the +0 helmet "Faxzostru" {-Tele Fly rC++
                  | Stlth+}
 43192 | Vaults:5 | Identified the +8 arbalest "Johid" {flame, Dex+4}
 43228 | Vaults:5 | Identified the +2 scale mail of Servitude {Stlth+}
 43519 | Vaults:5 | Noticed Sojobo
 43527 | Vaults:5 | Killed Sojobo
 43858 | Crypt:1  | Entered Level 1 of the Crypt
 43864 | Crypt:1  | Reached XP level 27. HP: 182/205 MP: 0/0
 43864 | Crypt:1  | Learned a level 9 spell: Death's Door
 44704 | Crypt:2  | Identified the amulet "Hiniucvu" {Regen+ Int+5}
 45332 | Crypt:3  | Entered Level 3 of the Crypt
 45418 | Crypt:3  | Noticed Jory
 45475 | Crypt:3  | Killed Jory
 45535 | Crypt:3  | Noticed Frederick
 45545 | Crypt:3  | Killed Frederick
 45718 | Crypt:3  | Found the +6 arbalest "Damnation" {damnation}
 45836 | Crypt:3  | Found a staircase to the Tomb.
 45940 | Crypt:3  | Identified the +1 leather armour "Joerush" {+Inv rPois
                  | rCorr Stlth+}
 46136 | Crypt:3  | Noticed a dread lich
 46136 | Crypt:3  | Noticed a dread lich
 46151 | Crypt:3  | Killed a dread lich
 46152 | Crypt:3  | Identified the +4 hand axe of the Apocalypse {flame, +Blink
                  | rCorr Int-5 SInv}
 46155 | Crypt:3  | Killed a dread lich
 46170 | Crypt:3  | Identified the +7 plate armour of Leiwker {-Tele rElec
                  | Regen+ Stlth+}
 46329 | D:14     | Upgraded the game from 0.30-a0-857-gcaf70739d4 to
                  | 0.30-a0-859-gf88a04b62d
 46459 | Depths:3 | Voluntarily entered the Abyss.
 46699 | Abyss:4  | Got an abyssal rune of Zot
 46769 | Depths:3 | Escaped the Abyss
 47064 | Lair:4   | Gained mutation: A frigid envelope surrounds you and
                  | freezes all who hurt you. [potion of mutation]
 47064 | Lair:4   | Gained mutation: Your skin changes colour to match your
                  | surroundings (Stealth+). [potion of mutation]
 47064 | Lair:4   | Gained mutation: You are strong-willed. (Will+) [potion of
                  | mutation]
 47067 | Slime:1  | Entered Level 1 of the Pits of Slime
 47925 | Slime:2  | Noticed Dissolution
 47971 | Slime:2  | Killed Dissolution
 49254 | Slime:5  | Entered Level 5 of the Pits of Slime
 49516 | Slime:5  | Noticed the Royal Jelly
 49518 | Slime:5  | Killed the Royal Jelly
 49552 | Slime:5  | Found the +8 longbow "Zephyr" {speed, Dex+3 SInv}
 49576 | Slime:5  | Identified the ring "Badum" {Fire +Blink rN+++ Int-4
                  | Stlth-}
 49578 | Slime:5  | Identified the ring "Fyeduicy" {rN+ Str+3 Int+6}
 49677 | Slime:5  | Got a slimy rune of Zot
 50222 | Hell     | Entered the Vestibule of Hell
 50222 | Hell     | Noticed Geryon
 50234 | Hell     | Killed Geryon
 50390 | Hell     | Noticed an ancient lich
 50396 | Hell     | Killed an ancient lich
 50851 | Hell     | Found a gateway to the freezing wastes of Cocytus.
 50913 | Hell     | Found a gateway to the ashen valley of Gehenna.
 51013 | Hell     | Found a gateway to the decaying netherworld of Tartarus.
 51103 | Hell     | Found a gateway to the Iron City of Dis.
 51310 | Zot:1    | Entered Level 1 of the Realm of Zot
 51312 | Zot:1    | Noticed an ancient lich
 51320 | Zot:1    | Killed an ancient lich
 51817 | Zot:1    | Found the +10 Black Knight's barding {ponderous, rPois rN+}
 52540 | Zot:2    | Reached skill level 27 in Spellcasting
 53352 | Zot:3    | Identified the +7 glaive of Pride {flame, rElec rF++ rC-
                  | Int-5}
 53767 | Zot:3    | Identified the amulet of Fedhas's Approval {Faith Rampage
                  | Dex+5}
 54139 | Zot:5    | Entered Level 5 of the Realm of Zot
 54211 | Zot:5    | Reached skill level 10 in Short Blades
 55346 | Zot:5    | Noticed a Killer Klown
 55366 | Zot:5    | Killed a Killer Klown
 55968 | Zot:5    | Noticed a dread lich
 55977 | Zot:5    | Killed a dread lich
 56011 | Zot:5    | Killed an ancient lich
 56012 | Zot:5    | Reached skill level 27 in Armour
 56021 | Zot:5    | Noticed a Killer Klown
 56026 | Zot:5    | Noticed a Killer Klown
 56026 | Zot:5    | Killed a Killer Klown
 56026 | Zot:5    | Noticed an orb of fire
 56031 | Zot:5    | Noticed a Killer Klown
 56032 | Zot:5    | Noticed an orb of fire
 56032 | Zot:5    | Noticed a Killer Klown
 56033 | Zot:5    | Noticed a Killer Klown
 56034 | Zot:5    | Killed an orb of fire
 56034 | Zot:5    | Noticed a Killer Klown
 56036 | Zot:5    | Killed a Killer Klown
 56036 | Zot:5    | Killed a Killer Klown
 56036 | Zot:5    | Noticed an orb of fire
 56037 | Zot:5    | Killed a Killer Klown
 56037 | Zot:5    | Killed a Killer Klown
 56041 | Zot:5    | Killed a Killer Klown
 56041 | Zot:5    | Noticed a Killer Klown
 56041 | Zot:5    | Noticed a Killer Klown
 56053 | Zot:5    | Gained mutation: You occasionally shout uncontrollably at
                  | your foes. [an orb of fire]
 56053 | Zot:5    | Gained mutation: You are dopey. (Int -2) [an orb of fire]
 56057 | Zot:5    | Killed a Killer Klown
 56253 | Zot:5    | Killed an orb of fire
 56284 | Zot:5    | Killed a Killer Klown
 56303 | Zot:5    | Killed an orb of fire
 56440 | Zot:5    | Killed a Killer Klown
 56453 | Zot:5    | Noticed an ancient lich
 56459 | Zot:5    | Killed an ancient lich
 56643 | Zot:5    | Noticed a Killer Klown
 56648 | Zot:5    | Killed a Killer Klown
 56957 | Pan      | Entered the realm of Cerebov.
 56957 | Pan      | Entered Pandemonium
 57265 | Pan      | Found the +6 sword of Cerebov {flame}
 57265 | Pan      | Noticed Cerebov
 57303 | Pan      | Killed Cerebov
 57606 | Pan      | Got a fiery rune of Zot
 57753 | Pan      | Identified the +0 ring mail "Ylefich" {Rampage}
 57920 | Pan      | Identified the +2 robe of Contentment {Str+3}
 57988 | Pan      | Identified the +8 long sword of the Wilderness {distort,
                  | rF+ rC++ rN+++ Str-5}
 58015 | Pan      | Identified the +6 hand axe of War {freeze, rElec Will+
                  | Int-5}
 58329 | Pan      | Reached skill level 15 in Short Blades
 59145 | Pan      | Noticed Doeschem the pandemonium lord
 59179 | Pan      | Killed Doeschem the pandemonium lord
 59347 | Pan      | Got a demonic rune of Zot
 59611 | Pan      | Entered the realm of Lom Lobon.
 60547 | Pan      | Identified the +2 leather armour of Cloud Cover {Harm}
 60586 | Pan      | Noticed Lom Lobon
 60966 | Pan      | Got a magical rune of Zot
 61076 | Pan      | Noticed Ignacio
 61087 | Pan      | Killed Ignacio
 61297 | Pan      | Noticed Padyc the pandemonium lord
 61367 | Pan      | Killed Padyc the pandemonium lord
 61591 | Pan      | Reached skill level 1 in Long Blades
 61869 | Pan      | Found a transporter.
 62154 | Pan      | Found a transporter.
 62469 | Pan      | Noticed Wadgha the pandemonium lord
 62478 | Pan      | Killed Wadgha the pandemonium lord
 62479 | Pan      | Reached skill level 5 in Long Blades
 64038 | Pan      | Noticed a seraph
 64296 | Pan      | Killed a seraph
 64365 | Pan      | Found a glowing golden altar of the Shining One.
 64388 | Pan      | Identified the +0 great sword "Equeq" {venom, Fly rN+}
 64740 | Pan      | Found a white marble altar of Elyvilon.
 65511 | Pan      | Found a glowing silver altar of Zin.
 66059 | Depths:2 | Escaped Pandemonium
 66074 | Depths:2 | Upgraded the game from 0.30-a0-859-gf88a04b62d to
                  | 0.30-a0-860-g512cf1e979
 66075 | Pan      | Entered Pandemonium
 66516 | Pan      | Noticed Xerod the pandemonium lord
 66529 | Pan      | Killed Xerod the pandemonium lord
 66706 | Pan      | Found an exit through the horrors of the Abyss.
 66842 | Pan      | Identified the +8 rapier "Etupluon" {heavy, rN++}
 66897 | Pan      | Reached skill level 10 in Long Blades
 67097 | Pan      | Noticed Nits the pandemonium lord
 67300 | Pan      | Noticed Mennas
 67342 | Pan      | Killed Mennas
 68082 | Pan      | Found a huge runed translucent gate.
 68082 | Pan      | Found a huge runed translucent gate.
 68084 | Pan      | Found a huge runed translucent gate.
 68084 | Pan      | Found a huge runed translucent gate.
 68084 | Pan      | Found a huge runed translucent gate.
 68085 | Pan      | Found a huge runed translucent gate.
 68085 | Pan      | Found a huge runed translucent gate.
 68086 | Pan      | Found a huge runed translucent gate.
 68086 | Pan      | Found a huge runed translucent gate.
 68086 | Pan      | Found a huge runed translucent gate.
 68096 | Pan      | Found a huge runed translucent gate.
 68096 | Pan      | Found a huge runed translucent gate.
 68097 | Pan      | Found a huge runed translucent gate.
 68097 | Pan      | Found a huge runed translucent gate.
 68097 | Pan      | Found a huge runed translucent gate.
 68097 | Pan      | Found a huge runed translucent gate.
 68098 | Pan      | Found a huge runed translucent gate.
 68098 | Pan      | Found a huge runed translucent gate.
 68098 | Pan      | Found a huge runed translucent gate.
 68098 | Pan      | Found a huge runed translucent gate.
 68098 | Pan      | Found a huge runed translucent gate.
 68098 | Pan      | Noticed Moalor the pandemonium lord
 68122 | Pan      | Killed Moalor the pandemonium lord
 68172 | Pan      | Entered the realm of Mnoleg.
 68172 | Pan      | Noticed Mnoleg
 68191 | Pan      | Killed Mnoleg
 68378 | Pan      | Got a glowing rune of Zot
 69082 | Pan      | Noticed Lom Lobon
 69129 | Pan      | Killed Lom Lobon
 69193 | Pan      | Acquired 1110 gold pieces
 69391 | Pan      | Entered the realm of Gloorx Vloq.
 69812 | Pan      | Noticed Gloorx Vloq
 69822 | Pan      | Killed Gloorx Vloq
 69839 | Pan      | Got a dark rune of Zot
 70321 | Pan      | Found an exit through the horrors of the Abyss.
 70328 | Pan      | Took an exit into the Abyss.
 70328 | Abyss:4  | Escaped into the Abyss
 70330 | Abyss:4  | Found a corrupted altar of Lugonu.
 70339 | Depths:2 | Escaped the Abyss
 70390 | Coc:1    | Entered Level 1 of Cocytus
 70662 | Coc:2    | Noticed an ancient lich
 70662 | Coc:2    | Noticed a dread lich
 70666 | Coc:2    | Killed an ancient lich
 70670 | Coc:2    | Killed a dread lich
 70826 | Coc:2    | Noticed a shard shrike
 70826 | Coc:2    | Noticed a shard shrike
 70827 | Coc:2    | Noticed a shard shrike
 70839 | Coc:2    | Killed a shard shrike
 70840 | Coc:2    | Reached skill level 27 in Fighting
 70869 | Coc:2    | Killed a shard shrike
 70873 | Coc:2    | Killed a shard shrike
 71426 | Coc:4    | Noticed a dread lich
 71446 | Coc:4    | Killed a dread lich
 71766 | Coc:5    | Noticed a shard shrike
 71767 | Coc:5    | Noticed a shard shrike
 71771 | Coc:5    | Killed a shard shrike
 71777 | Coc:5    | Killed a shard shrike
 72052 | Coc:6    | Noticed a shard shrike
 72052 | Coc:6    | Noticed a shard shrike
 72052 | Coc:6    | Noticed a shard shrike
 72053 | Coc:6    | Killed a shard shrike
 72053 | Coc:6    | Killed a shard shrike
 72054 | Coc:6    | Reached skill level 15 in Long Blades
 72057 | Coc:6    | Killed a shard shrike
 72237 | Coc:7    | Entered Level 7 of Cocytus
 72237 | Coc:7    | Noticed a shard shrike
 72256 | Coc:7    | Noticed a shard shrike
 72256 | Coc:7    | Killed a shard shrike
 72261 | Coc:7    | Killed a shard shrike
 72290 | Coc:7    | Noticed a shard shrike
 72295 | Coc:7    | Killed a shard shrike
 72339 | Coc:7    | Noticed a shard shrike
 72342 | Coc:7    | Killed a shard shrike
 72403 | Coc:7    | Noticed a dread lich
 72407 | Coc:7    | Killed a dread lich
 72470 | Coc:7    | Noticed a shard shrike
 72475 | Coc:7    | Killed a shard shrike
 72540 | Coc:7    | Noticed a shard shrike
 72545 | Coc:7    | Paralysed by a wendigo for 1 turns
 72549 | Coc:7    | Killed a shard shrike
 72741 | Coc:7    | Noticed a shard shrike
 72749 | Coc:7    | Noticed a shard shrike
 72757 | Coc:7    | Killed a shard shrike
 72874 | Coc:7    | Killed a shard shrike
 72931 | Coc:7    | Noticed a shard shrike
 72940 | Coc:7    | Noticed a shard shrike
 72942 | Coc:7    | Killed a shard shrike
 72944 | Coc:7    | Killed a shard shrike
 72963 | Coc:7    | Noticed a shard shrike
 72970 | Coc:7    | Killed a shard shrike
 73061 | Coc:7    | Noticed a shard shrike
 73091 | Coc:7    | Paralysed by a wendigo for 1 turns
 73097 | Coc:7    | Paralysed by a wendigo for 1 turns
 73110 | Coc:7    | Killed a shard shrike
 73159 | Coc:7    | Noticed a shard shrike
 73164 | Coc:7    | Killed a shard shrike
 73192 | Coc:7    | Noticed a shard shrike
 73195 | Coc:7    | Killed a shard shrike
 73243 | Coc:7    | Paralysed by a wendigo for 1 turns
 73324 | Coc:7    | Paralysed by a wendigo for 1 turns
 73329 | Coc:7    | Paralysed by a wendigo for 1 turns
 73391 | Coc:7    | Paralysed by a wendigo for 1 turns
 73416 | Coc:7    | Paralysed by a wendigo for 1 turns
 73419 | Coc:7    | Noticed a shard shrike
 73423 | Coc:7    | Killed a shard shrike
 73793 | Coc:7    | Identified the +6 falchion of Lirez {venom, Int+5}
 73793 | Coc:7    | Noticed Antaeus
 73823 | Coc:7    | Killed Antaeus
 73835 | Coc:7    | Got an icy rune of Zot
 73842 | Coc:7    | Identified the +2 plate armour of Fortification {rF+ rN+
                  | Int+2}
 74091 | Tar:1    | Entered Level 1 of Tartarus
 74170 | Tar:1    | Noticed a dread lich
 74177 | Tar:1    | Killed a dread lich
 74484 | Tar:2    | You are sucked into a shaft and drop 2 floors!
 74501 | Tar:4    | Found a huge runed gate.
 74503 | Tar:4    | Found a huge runed gate.
 74550 | Tar:4    | Found a huge runed gate.
 74552 | Tar:4    | Found a huge runed gate.
 74552 | Tar:4    | Found a huge runed gate.
 74552 | Tar:4    | Found a huge runed gate.
 74552 | Tar:4    | Found a huge runed gate.
 74572 | Tar:4    | Found a huge runed gate.
 74572 | Tar:4    | Found a huge runed gate.
 74572 | Tar:4    | Found a huge runed gate.
 74572 | Tar:4    | Found a huge runed gate.
 74572 | Tar:4    | Found a huge runed gate.
 74597 | Tar:4    | Reached skill level 27 in Shields
 74746 | Tar:4    | Found a huge runed gate.
 74746 | Tar:4    | Found a huge runed gate.
 74747 | Tar:4    | Found a huge runed gate.
 74781 | Tar:4    | Found a huge runed gate.
 74782 | Tar:4    | Found a huge runed gate.
 74783 | Tar:4    | Found a huge runed gate.
 74784 | Tar:4    | Found a huge runed gate.
 74785 | Tar:4    | Found a huge runed gate.
 74786 | Tar:4    | Found a huge runed gate.
 74787 | Tar:4    | Found a huge runed gate.
 74861 | Tar:4    | Found a huge runed gate.
 74861 | Tar:4    | Found a huge runed gate.
 74861 | Tar:4    | Found a huge runed gate.
 74861 | Tar:4    | Found a huge runed gate.
 74868 | Tar:4    | Found a huge runed gate.
 74917 | Tar:4    | Found a huge runed gate.
 74917 | Tar:4    | Found a huge runed gate.
 74918 | Tar:4    | Found a huge runed gate.
 74918 | Tar:4    | Found a huge runed gate.
 74919 | Tar:4    | Found a huge runed gate.
 74919 | Tar:4    | Found a huge runed gate.
 74928 | Tar:4    | Found a huge runed gate.
 75861 | Tar:6    | Killed a dread lich
 75952 | Tar:7    | Entered Level 7 of Tartarus
 76062 | Tar:7    | Noticed an ancient lich
 76069 | Tar:7    | Killed an ancient lich
 76231 | Tar:7    | Noticed an ancient lich
 76236 | Tar:7    | Killed an ancient lich
 76518 | Tar:7    | Noticed an ancient lich
 76539 | Tar:7    | Killed an ancient lich
 76776 | Tar:7    | Found the +5 demon whip "Spellbinder" {antimagic, disrupt,
                  | Will+}
 76803 | Tar:7    | Identified the +1 ring mail of Kouschaxzi {Rampage rC+
                  | Dex+2 SInv}
 77041 | Tar:7    | Noticed Ereshkigal
 77072 | Tar:7    | Killed Ereshkigal
 77103 | Tar:7    | Got a bone rune of Zot
 77231 | Geh:1    | Entered Level 1 of Gehenna
 77786 | Geh:2    | Found a runed translucent gate.
 77786 | Geh:2    | Found a runed translucent gate.
 77786 | Geh:2    | Found a runed translucent gate.
 77787 | Geh:2    | Found a runed translucent gate.
 77788 | Geh:2    | Found a runed translucent gate.
 77788 | Geh:2    | Found a runed translucent gate.
 77788 | Geh:2    | Found a runed translucent gate.
 77789 | Geh:2    | Found a runed translucent gate.
 77790 | Geh:2    | Found a runed translucent gate.
 77790 | Geh:2    | Found a runed translucent gate.
 77790 | Geh:2    | Found a runed translucent gate.
 77790 | Geh:2    | Found a runed translucent gate.
 77879 | Geh:3    | Reached skill level 5 in Stealth
 79340 | Geh:7    | Entered Level 7 of Gehenna
 80203 | Geh:7    | Identified the +5 leather armour of Plog {Rampage Regen+
                  | Dex+6 Stlth-}
 80204 | Geh:7    | Identified the +10 morningstar "Ref Laokaitu" {elec, *Noise
                  | Fly Will++ Dex+2}
 80436 | Geh:7    | Found the +7 sceptre of Asmodeus
 80436 | Geh:7    | Noticed Asmodeus
 80466 | Geh:7    | Killed Asmodeus
 80575 | Geh:7    | Got an obsidian rune of Zot
 80717 | Dis:1    | Entered Level 1 of the Iron City of Dis
 80740 | Dis:1    | Reached skill level 10 in Stealth
 80968 | Dis:2    | Noticed an ancient lich
 80980 | Dis:2    | Killed an ancient lich
 82106 | Dis:6    | Lost strength.
 82296 | Dis:7    | Entered Level 7 of the Iron City of Dis
 82296 | Dis:7    | Lost strength.
 82659 | Dis:7    | Noticed a juggernaut
 82913 | Dis:7    | Killed a juggernaut
 83075 | Dis:7    | Identified the +0 chain mail of Fortitude {Contam rPois
                  | Regen+ Str+5}
 83161 | Dis:7    | Noticed a juggernaut
 83179 | Dis:7    | Killed a juggernaut
 83234 | Dis:7    | Noticed a juggernaut
 83239 | Dis:7    | Killed a juggernaut
 83404 | Dis:7    | Identified the +1 ring mail of Depression {Dex+5}
 84014 | Dis:7    | Noticed the Serpent of Hell
 84616 | Dis:7    | Killed the Serpent of Hell
 84719 | Dis:7    | Noticed Dispater
 84748 | Dis:7    | Killed Dispater
 84857 | Dis:7    | Identified the ring of Peace {rCorr MP+9}
 84865 | Dis:7    | Got an iron rune of Zot
 84867 | Dis:7    | Identified the +7 scimitar "Juighuymu" {protect, *Corrode
                  | rPois rF++ Str+2}
 85760 | Tomb:1   | Entered Level 1 of the Tomb of the Ancients
 86036 | Tomb:1   | Reached skill level 15 in Stealth
 86191 | Tomb:1   | Noticed a royal mummy
 86199 | Tomb:1   | Killed a royal mummy
 86587 | Tomb:2   | Noticed a royal mummy
 86587 | Tomb:2   | Noticed a royal mummy
 86590 | Tomb:2   | Noticed a royal mummy
 86591 | Tomb:2   | Noticed a royal mummy
 86595 | Tomb:2   | Killed a royal mummy
 86597 | Tomb:2   | Killed a royal mummy
 86602 | Tomb:2   | Killed a royal mummy
 86610 | Tomb:2   | Killed a royal mummy
 87103 | Tomb:1   | Noticed a royal mummy
 87103 | Tomb:1   | Noticed a royal mummy
 87104 | Tomb:1   | Noticed a royal mummy
 87104 | Tomb:1   | Noticed a royal mummy
 87106 | Tomb:1   | Noticed a royal mummy
 87108 | Tomb:1   | Killed a royal mummy
 87108 | Tomb:1   | Noticed a royal mummy
 87112 | Tomb:1   | Killed a royal mummy
 87113 | Tomb:1   | Killed a royal mummy
 87113 | Tomb:1   | Killed a royal mummy
 87115 | Tomb:1   | Killed a royal mummy
 87115 | Tomb:1   | Killed a royal mummy
 87221 | Tomb:1   | Noticed a royal mummy
 87227 | Tomb:1   | Killed a royal mummy
 87230 | Tomb:1   | Noticed a royal mummy
 87230 | Tomb:1   | Noticed a royal mummy
 87235 | Tomb:1   | Killed a royal mummy
 87237 | Tomb:1   | Killed a royal mummy
 87299 | Tomb:1   | Noticed a royal mummy
 87304 | Tomb:1   | Noticed a royal mummy
 87305 | Tomb:1   | Killed a royal mummy
 87310 | Tomb:1   | Killed a royal mummy
 87357 | Tomb:1   | Noticed a royal mummy
 87377 | Tomb:1   | Killed a royal mummy
 87379 | Tomb:1   | Noticed a royal mummy
 87385 | Tomb:1   | Killed a royal mummy
 87407 | Tomb:1   | Noticed a royal mummy
 87412 | Tomb:1   | Killed a royal mummy
 87430 | Tomb:1   | Noticed a royal mummy
 87439 | Tomb:1   | Killed a royal mummy
 87442 | Tomb:1   | Noticed a royal mummy
 87448 | Tomb:1   | Killed a royal mummy
 87843 | Tomb:3   | Entered Level 3 of the Tomb of the Ancients
 87869 | Tomb:3   | Noticed a royal mummy
 87880 | Tomb:3   | Killed a royal mummy
 87889 | Tomb:3   | Noticed a royal mummy
 87891 | Tomb:3   | Noticed a royal mummy
 87894 | Tomb:3   | Killed a royal mummy
 87897 | Tomb:3   | Killed a royal mummy
 87942 | Tomb:3   | Noticed a royal mummy
 87952 | Tomb:3   | Killed a royal mummy
 87987 | Tomb:3   | Noticed a royal mummy
 87994 | Tomb:3   | Killed a royal mummy
 88069 | Tomb:3   | Identified the +0 scale mail of the Forest {Dex+3}
 88246 | Tomb:3   | Noticed a royal mummy
 88260 | Tomb:3   | Killed a royal mummy
 88268 | Tomb:3   | Noticed a royal mummy
 88284 | Tomb:3   | Noticed a royal mummy
 88290 | Tomb:3   | Killed a royal mummy
 88314 | Tomb:3   | Killed a royal mummy
 88412 | Tomb:3   | Found the +7 staff of the Meek {protect, meekguard}
 88413 | Tomb:3   | Found the brooch of Shielding {Spirit SH+8}
 88425 | Tomb:3   | Identified the +0 robe of Atheism {Int+2 Dex+2}
 88427 | Tomb:3   | Identified the ring of Waicugas {rF- rCorr MP+9 Str+2 SInv}
 88448 | Tomb:3   | Identified the +5 flail of Certain Death {pain, Fly rPois
                  | Dex-2}
 88453 | Tomb:3   | Identified the ring "Harokk" {*Slow rElec MP+9 AC+4 Int+4}
 88461 | Tomb:3   | Identified the +10 mace "Killer Bee's Death" {distort, rF+
                  | rC- rN+}
 88561 | Tomb:3   | Got a golden rune of Zot
 89219 | Zot:5    | Got the Orb of Zot
 89235 | Zot:5    | Noticed Yhuegone the pandemonium lord
 89236 | Zot:5    | Paralysed by a Zot trap for 2 turns
 89246 | Zot:5    | Killed Yhuegone the pandemonium lord
 89487 | Depths:1 | Noticed Archant the pandemonium lord
 89497 | Depths:1 | Killed Archant the pandemonium lord
 89678 | D:7      | Noticed a seraph
 89867 | D:$      | Escaped with the Orb!

Illustrated notes

Levels and vault maps discovered:
D:1:      psy_arrival_statuary, layout_basic, supply_closet_lemuel
D:2:      layout_rooms, basic_altar
D:3:      layout_basic, lemuel_doored_altar, minmay_door_square, uniq_ijyb
D:4:      layout_basic, mainiacjoe_overflow_swirl, nicolae_ossuary_entry_plus,
          uniq_blork_the_orc
D:5:      layout_loops_ring, minmay_temple_entry_fiery, grunt_decor_resistance
D:6:      layout_gridville, uniq_eustachio
D:7:      layout_cave_pools, kennysheep_little_box, kennysheep_mini,
          amcnicky_altar_gilded, makhleb_heckhound_becter, chequers_mini_garden,
          minmay_fractal_squares_5
D:8:      layout_basic, uniq_maurice
D:9:      layout_irregular_city, orc_david_3, minmay_misc_feat_four_crosses
D:10:     layout_stronghold, dpeg_lair_monsters, nicolae_take_the_stairs
D:11:     layout_gridville, uniq_psyche, uniq_snorg
D:12:     layout_cave_pools, portal_ice_cave_entry_pillars_1
D:13:     layout_loops_corners, nemelex_diamond_rough_becter
D:14:     layout_loops_ring, erik_vaults_1, nicolae_uskayaw_dance_hall,
          uniq_nessos, uniq_lodul
D:15:     hangedman_depths_entry_try_elsewhere_first, layout_basic,
          hangedman_decor_growths, serial_shops, bzr_entry_lakeside,
          grunt_qazlal_clouds, uniq_agnes
Temple:   nicolae_temple_superstar
Lair:1:   layout_cave_pods
Lair:2:   layout_misc_corridors, hellmonk_spider_entry_life_and_decay,
          dreamdust_gnoll_shepherd
Lair:3:   layout_layer_cave, minmay_swamp_entry_swarm, guppyfry_lair_drakes,
          lemuel_fruit_fields
Lair:4:   layout_cave_pods, dpeg_slime_entry_corner, gauntlet_entry_generic,
          st_stairs_9
Lair:5:   guppyfry_lair_end_dragon, layout_cellular_growth,
          hangedman_lair_caniforms_friends, grunt_megastairs_3,
          lemuel_fruit_fields, serial_bayou_shore_b, serial_bayou_shore_b,
          serial_bayou_shore_b
Swamp:1:  nicolae_swamp_secret_spriggan_hideout, layout_falls_marsh,
          evilmike_swamp_ruin_house_5
Swamp:2:  layout_basic_swamp, hangedman_swamp_blocks, swamp_pool5,
          nicolae_swamp_some_circles
Swamp:3:  layout_falls_marsh, evilmike_swamp_ruin_house_4
Swamp:4:  swamp_alternative, layout_basic_swamp, swamp_pool1,
          nicolae_swamp_little_swirl
Spider:1: layout_spider_delve, uniq_louise
Spider:2: layout_chambers, nicolae_spider_undead_wolf_pack
Spider:3: layout_spider_delve, guppyfry_spider_mini_2
Spider:4: grunt_spider_rune_parallel, hellmonk_deceptive_appearances,
          uniq_arachne
Slime:1:  layout_caves
Slime:2:  layout_caves, uniq_dissolution
Slime:3:  layout_caves
Slime:4:  nicolae_slime_pool, layout_caves, cheibrodos_slime_lost_civilization_5
Slime:5
Orc:1:    layout_diamond_mine, uniq_josephine
Orc:2:    grunt_orc_gardens, layout_diamond_mine, grunt_orc_garden,
          grunt_orc_garden, grunt_orc_garden, grunt_orc_garden, basic_altar,
          serial_shops, shop
Elf:1:    elf_arrival_002, layout_rooms, serial_shops, nicolae_shop_crystal,
          hangedman_corner_corridor, minmay_shoptagon
Elf:2:    elven_hall_of_blades_hangedman_alternative
          [nicolae_blade_entry_diamond_columns], layout_geoelf_octagon,
          uniq_azrael
Elf:3:    minmay_elf_hall_hex, layout_onion_city, enter_trove_5,
          nicolae_elf_archery_training
Vaults:1: ontoclasm_vaults_eye, v_alt_pattern_3, nicolae_vaults_angled_halls,
          grunt_vaults_hallway_long, ontoclasm_vaults_ring_square,
          hangedman_vaults_snaps, vaults_dpeg_diagonal, nicolae_vaults_meeting,
          v_misc_26, hangedman_vaults_slice, v_alt_pattern_5,
          vaults_room_grunt_arrival_ludios, vaults_room_door_ring,
          v_alt_pattern_4, ontoclasm_vaults_bender,
          nicolae_vaults_circle_grid_a, nicolae_vaults_angled_halls,
          layout_vaults_omnibox
Vaults:2: vaults_dpeg_ring, st_hourglassy, minmay_crypt_entry_simple_corners,
          nicolae_vaults_little_squares_4, nicolae_vaults_network_square,
          serial_ice_g, nicolae_vaults_little_squares_3, v_misc_33,
          v_alt_pattern_1, grunt_vaults_hallway_short, v_misc_16,
          vaults_room_stairs_pillars, hangedman_vaults_maws, grunt_vaults_focal,
          layout_vaults_ring, serial_shops, shop
Vaults:3: v_misc_27, v_misc_12, ontoclasm_vaults_fault,
          hangedman_vaults_stretched_pinwheel, v_misc_14,
          nicolae_vaults_little_squares_4, vaults_standard_mumra_lines,
          kb_rosetta, vaults_room_boxed, nicolae_vaults_specimen_jars,
          v_alt_pattern_1, nicolae_vaults_network_s, v_misc_12,
          layout_vaults_maze, serial_shops, nicolae_square_shop
Vaults:4: hangedman_vaults_cutoff, nicolae_vaults_rhombus_6, vaults_dpeg_hooks,
          vaults_room_large_hall, v_misc_19, vaults_dpeg_encased_lava,
          ontoclasm_vaults_gallery, v_pattern_4, v_misc_12,
          hangedman_vaults_slice, vaults_room_hallway,
          nicolae_vaults_sealed_display, v_misc_28, nicolae_vaults_angled_halls,
          nicolae_vaults_asterisk, ontoclasm_vaults_hangar,
          layout_vaults_omnicross
Vaults:5: uniq_sojobo, uniq_saint_roka
Crypt:1:  layout_rooms, hex_intersection
Crypt:2:  layout_misc_corridors, nicolae_crypt_statuary_hall
Crypt:3:  david_glass_crypt, layout_gridlike, nicolae_tomb_entry_rubble_hallway,
          serial_sigils_hangedman_quiver, uniq_jory, uniq_frederick
Tomb:1
Tomb:2
Tomb:3
Depths:1: layout_basic, hell_entry, serial_shops, shop, lemuel_freeze_loot_1,
          roderic_lattice_octagonal_star, minmay_shop_star
Depths:2: minmay_inside_and_out, layout_cave_pools, pan_entry,
          serial_column_ruins, column_ruins_open_medium,
          column_ruins_open_small, column_ruins_open_small,
          column_ruins_columns_dead_end, column_ruins_open_tiny,
          column_ruins_columns_straight, column_ruins_open_tiny, hell_entry,
          minmay_misc_feat_room, dispersion_dpeg
Depths:3: minmay_the_grid_3x3 [minmay_the_grid_diamond_grid,
          minmay_the_grid_empty, minmay_the_grid_large_cup,
          minmay_the_grid_doors, minmay_the_grid_minigrid_small,
          minmay_the_grid_plusring, minmay_the_grid_rooms,
          minmay_the_grid_aliased_spiral,
          minmay_the_grid_prize_shrinking_boxes], layout_cave_pools, hell_entry,
          nicolae_abyss_entry_one_way_or_another, nrook_uturn, uniq_josephina,
          uniq_grunn
Depths:4: grunt_x_marks_the_spot, layout_basic, enter_ziggurat_f,
          grunt_gozag_breadcrumbs, hell_entry
Hell
Dis:1:    layout_subdivisions, nicolae_hells_hurtin_island
Dis:2:    layout_regular_city
Dis:3:    layout_jigsaw, nicolae_dis_bowling_alley
Dis:4:    layout_gridville
Dis:5:    layout_regular_city
Dis:6:    layout_subdivisions
Dis:7:    dis_grunt_layers
Geh:1:    layout_gehenna_pools_triple
Geh:2:    layout_gehenna_pools_box, nicolae_geh_backdraft
Geh:3:    layout_gehenna_pools_triple
Geh:4:    nicolae_geh_seventh_circle, layout_gehenna_pools_basic
Geh:5:    layout_gehenna_pools_box
Geh:6:    layout_gehenna_pools_triple, nicolae_hells_fiendish_ambush
Geh:7:    geh_grunt
Coc:1:    layout_cocytus_water_paths
Coc:2:    nicolae_coc_icebeans_plural [nicolae_sub_coc_subbean,
          nicolae_sub_coc_subbean, nicolae_sub_coc_subbean,
          nicolae_sub_coc_subbean], layout_ice_bergs
Coc:3:    layout_ice_bergs
Coc:4:    layout_ice_bergs, special_room [special_room_morgue]
Coc:5:    layout_ice_bergs
Coc:6:    layout_cocytus_delve
Coc:7:    coc_grunt_cove [coc_grunt_cove_antaeus, coc_grunt_cove_fiend,
          coc_grunt_cove_fiend, coc_grunt_cove_fiend, coc_grunt_cove_fiend]
Tar:1:    layout_grid_maze
Tar:2:    layout_cathedral_of_symmetry, nicolae_tar_four_comb_rooms
Tar:4:    layout_honeycomb, not_door_vault_mu
Tar:5:    layout_grid_maze, grunt_tartarus_stairs_gauntlet_trap
Tar:6:    layout_honeycomb, nicolae_tar_cuneiform_bread
Tar:7:    tar_old
Zot:1:    ebering_greatest_show_in_zot, layout_basic
Zot:2:    layout_onion_interference, grunt_megastairs_5
Zot:3:    layout_twisted_circle
Zot:4:    layout_concentric_octagons
Zot:5:    layout_twisted_circle, bh_zot_ikea_curve, grunt_ministairs_8,
          st_stairs_9, skrybe_zot_glass_2

Skill      XL: |  1  2  3  4  5  6  7  8  9 10 11 12 13 14 15 16 17 18 19 20 21 22 23 24 25 26 27 |
---------------+----------------------------------------------------------------------------------+-----
Spellcasting   | 3 4 5 6 8 10 11 12 14 15 16 17 18 20 21 23 24 25 27 | 27.0
Dodging        | 0 |  0.0
Fighting       | 3 5 6 7 9 11 14 15 17 19 20 27 | 27.0
Armour         | 3 5 8 10 11 13 15 17 18 19 20 21 22 27 | 27.0
Evocations     | 3 0 |  0.0
Shields        | 2 5 7 8 10 11 13 15 27 | 27.0
Short Blades   | 8 23 | 23.4
Stealth        | 2 18 | 18.6
Long Blades    | 23 | 23.9

Action                     |  1- 3 |  4- 6 |  7- 9 | 10-12 | 13-15 | 16-18 | 19-21 | 22-24 | 25-27 || total
---------------------------+-------+-------+-------+-------+-------+-------+-------+-------+-------++-------
  Melee: Club              |     1 |       |       |       |       |       |       |       |       ||     1
         Spear             |    10 |     8 |     1 |       |       |       |       |       |       ||    19
         Scimitar          |       |       |       |     5 |    67 |     1 |       |       |       ||    73
         Staff             |       |       |       |       |     5 |       |       |       |       ||     5
         Quick blade       |       |       |       |       |       |    75 |   375 |   165 |  2295 ||  2910
         Demon blade       |       |       |       |       |       |       |       |       |   402 ||   402
  Throw: Throwing net      |       |       |       |     1 |     1 |       |       |       |       ||     2
         Dart              |       |       |       |     1 |       |       |       |     1 |       ||     2
         Javelin           |       |       |       |       |     1 |       |       |       |       ||     1
   Cast: Foxfire           |    40 |    76 |    65 |   100 |   141 |   131 |     9 |     5 |     3 ||   570
         Kindle Blastspark |       |     4 |     5 |     5 |     8 |       |     2 |     2 |       ||    26
         Scorch            |       |    20 |    68 |    90 |   182 |   178 |    75 |    65 |    39 ||   717
         Flame Wave        |       |     1 |     7 |    10 |    30 |    16 |     7 |     2 |       ||    73
         Inner Flame       |       |     1 |     9 |    51 |   100 |   167 |    86 |   104 |   107 ||   625
         Vampiric Draining |       |       |     5 |    12 |   121 |   159 |   274 |   250 |   478 ||  1299
         Animate Armour    |       |       |       |    21 |    33 |     9 |    23 |    40 |    60 ||   186
         Dispel Undead     |       |       |       |       |     2 |       |       |     8 |   193 ||   203
         Starburst         |       |       |       |       |    55 |   143 |    76 |    94 |   857 ||  1225
         Lesser Beckoning  |       |       |       |       |       |     6 |    32 |    39 |    91 ||   168
         Iron Shot         |       |       |       |       |       |    13 |    24 |    48 |   910 ||   995
         Statue Form       |       |       |       |       |       |       |     1 |       |       ||     1
         Discord           |       |       |       |       |       |       |     2 |    51 |   595 ||   648
         Silence           |       |       |       |       |       |       |     1 |       |       ||     1
         Necromutation     |       |       |       |       |       |       |       |    32 |   572 ||   604
         Summon Horrible T |       |       |       |       |       |       |       |       |   185 ||   185
         Death's Door      |       |       |       |       |       |       |       |       |     1 ||     1
 Invoke: Sacrifice Courage |       |       |     1 |       |       |       |       |       |       ||     1
         Sacrifice Nimblen |       |       |       |     1 |       |       |       |       |       ||     1
         Sacrifice Artific |       |       |       |     1 |       |       |       |       |       ||     1
         Draw Out Power    |       |       |       |     1 |     2 |     7 |     2 |     1 |    10 ||    23
         Sacrifice Purity  |       |       |       |     1 |       |       |       |       |       ||     1
         Sacrifice an Eye  |       |       |       |     1 |       |       |       |       |       ||     1
         Apocalypse        |       |       |       |       |     3 |     1 |     1 |     3 |    17 ||    25
         Power Leap        |       |       |       |       |     2 |     1 |     3 |       |     1 ||     7
Ability: End Transformatio |       |       |       |       |       |       |       |     2 |    20 ||    22
  Evoke: Wand              |       |       |       |     4 |       |       |       |       |       ||     4
    Use: Scroll            |       |     4 |     5 |    15 |    20 |     4 |     5 |     6 |    64 ||   123
         Potion            |       |     1 |       |       |     2 |     1 |     7 |     9 |    50 ||    70
   Stab: Sleeping          |     4 |     3 |     1 |       |       |       |       |       |     4 ||    12
         Distracted        |       |       |       |       |     3 |     1 |     2 |     3 |    52 ||    61
         Paralysed         |       |       |       |       |     1 |       |     5 |     2 |    18 ||    26
         Invisible         |       |       |       |       |       |     1 |     6 |     1 |    25 ||    33
 Armour: Robe              |     2 |     1 |       |       |       |       |       |       |       ||     3
         Ring mail         |       |       |    16 |    12 |       |       |       |       |       ||    28
         Scale mail        |       |       |       |    21 |   171 |   173 |       |       |       ||   365
         Fire dragon scale |       |       |       |       |       |       |   272 |   217 |  1018 ||  1507
  Dodge: Dodged            |    10 |    11 |    12 |    20 |    82 |    73 |   100 |    58 |   328 ||   694
  Block: Buckler           |       |       |       |    19 |     4 |       |       |       |       ||    23
         Kite shield       |       |       |       |       |   149 |   148 |   225 |   242 |   575 ||  1339
         Tower shield      |       |       |       |       |       |       |       |       |  1655 ||  1655

Table legend: (Time is in decaauts)
 A = Elapsed time spent in this place.
 B = Non-inter-level travel time spent in this place.
 C = Inter-level travel time spent in this place.
 D = Time resting spent in this place.
 E = Time spent auto-exploring this place.
 F = Levels seen in this place.
 G = Mean time per level.
                   A        B        C        D        E       F      G
               +--------+--------+--------+--------+--------+-----+--------+
         Total |  88344 |  80639 |   7705 |  12066 |  33836 | 113 |  781.8 |
       Dungeon |  14181 |  12149 |   2032 |   1416 |   7723 |  15 |  945.4 |
        Temple |    121 |     99 |     22 |      0 |     40 |   1 |  121.0 |
          Lair |   6049 |   5334 |    715 |    431 |   3581 |   5 | 1209.8 |
         Swamp |   2775 |   2634 |    141 |    373 |   1527 |   4 |  693.8 |
   Spider Nest |   3592 |   3462 |    130 |    415 |   1876 |   4 |  898.0 |
    Slime Pits |   2875 |   2477 |    398 |    263 |   1486 |   5 |  575.0 |
  Orcish Mines |   1412 |   1199 |    213 |    105 |    730 |   2 |  706.0 |
   Elven Halls |   3187 |   2927 |    260 |    154 |   1255 |   3 | 1062.3 |
        Vaults |   7267 |   6648 |    619 |    722 |   3277 |   5 | 1453.4 |
         Crypt |   2575 |   2283 |    292 |    285 |   1261 |   3 |  858.3 |
          Tomb |   2992 |   2743 |    249 |    638 |    549 |   3 |  997.3 |
        Depths |   5870 |   5102 |    768 |   1133 |   2373 |   4 | 1467.5 |
          Hell |    882 |    709 |    173 |     15 |    132 |   1 |  882.0 |
           Dis |   4121 |   3761 |    360 |   1101 |    378 |   7 |  588.7 |
       Gehenna |   3319 |   3036 |    283 |    588 |    699 |   7 |  474.1 |
       Cocytus |   3582 |   3452 |    130 |    909 |    708 |   7 |  511.7 |
      Tartarus |   2950 |   2683 |    267 |    797 |    347 |   6 |  491.7 |
           Zot |   5722 |   5074 |    648 |    571 |   2051 |   5 | 1144.4 |
         Abyss |    304 |    304 |      0 |      0 |     88 |   5 |   60.8 |
   Pandemonium |  12582 |  12582 |      0 |   1680 |   3600 |  17 |  740.1 |
        Bazaar |    189 |    189 |      0 |      0 |     98 |   1 |  189.0 |
       Ossuary |    451 |    451 |      0 |    202 |      0 |   1 |  451.0 |
      Ice Cave |    810 |    810 |      0 |    265 |     24 |   1 |  810.0 |
      Gauntlet |    524 |    524 |      0 |      0 |     33 |   1 |  524.0 |
               +--------+--------+--------+--------+--------+-----+--------+

Top non-repeatable levels by time:
   Dis:7: 2610 daAuts
Depths:4: 1869 daAuts
   Coc:7: 1795 daAuts
Depths:1: 1694 daAuts
    D:10: 1649 daAuts
   Zot:5: 1586 daAuts
Vaults:4: 1554 daAuts
  Tomb:1: 1549 daAuts
Vaults:5: 1518 daAuts
Vaults:2: 1481 daAuts
Spider:2: 1472 daAuts
Vaults:1: 1470 daAuts
  Lair:5: 1420 daAuts
    D:15: 1389 daAuts
   Elf:3: 1349 daAuts
